 Dungeon Crawl Stone Soup version 0.31-a0-229-g1fc7ce93e2 (webtiles) character file.

Game seed: 16338304516862843585

2079461 TittyCrusher the Middleweight Champion (level 27, 224/224 HPs)
             Began as an Octopode Fire Elementalist on June 26, 2023.
             Was the Champion of Cheibriados.
             Escaped with the Orb
             ... and 3 runes on July 7, 2023!
             The game lasted 07:01:44 (84677 turns).

TittyCrusher the Middleweight Champion (OpFE)      Turns: 84677, Time: 07:01:44

Health: 224/224    AC:  1    Str: 93    XL:     27
Magic:  54/54      EV: 36    Int: 47    God:    Cheibriados [******]
Gold:   11635      SH: 35    Dex: 27    Spells: 12/80 levels left

rFire   + .          .
                       - Unarmed
rCold   + . .        b - +18 shield of the Gong {Loud rN+ Will+ rCorr EV-5}
rNeg    + . .        R - +0 hat "Menuoniy" {Contam Harm Str+3 Int+5}
rPois   +            D - amulet of Eternity {Regen+ Str+4}
rElec   +            c - +6 ring of strength
rCorr   +            n - +6 ring of strength
SInv    .            p - +6 ring of strength
Will    +++..        r - +6 ring of strength
Stlth   ++++         X - ring of the Scarab {Ice rElec Str+8}
HPRegen 1.37/turn    s - ring "Bufoich" {Str+6 Int+3}
MPRegen 0.34/turn    u - ring of the Empty Page {*Corrode rPois rF+++ Str+6 Dex-4}
                     O - ring "Nofex" {rPois rF- Str+7 Int+6 Dex+3}

%: random rage (3%), corrode self (3%), harm (+30% outgoing, +20% incoming)
@: studying 8 skills, very slow
A: almost no armour, amphibious, 8 rings, camouflage 1, gelatinous body 1,
(nimble swimmer 1), tentacles, beak, tentacle spike 1, berserk 1
0: Orb of Zot
}: 3/15 runes: barnacled, silver, gossamer
a: Renounce Religion, Bend Time, Temporal Distortion, Slouch, Step From Time


You escaped.
You worshipped Cheibriados.
Cheibriados was exalted by your worship.
You visited 11 branches of the dungeon, and saw 51 of its levels.
You completed 3 ziggurats, and saw 81 of their levels.
You also visited: Sewer.

You collected 14057 gold pieces.
You spent 2422 gold pieces at shops.

Inventory:

Armour
 b - the +18 shield of the Gong (worn) {Loud rN+ Will+ rCorr EV-5}
   (You found it on level 19 of a ziggurat)

   Loud:      It is deafeningly noisy when blocking attacks.
   EV:        It affects your evasion (-5).
   rN:        It protects you from negative energy.
   rCorr:     It protects you from acid and corrosion.
   Will:      It increases your willpower.
 R - the +0 hat "Menuoniy" (worn) {Contam Harm Str+3 Int+5}
   (You acquired it on level 4 of the Vaults)

   Str:       It affects your strength (+3).
   Int:       It affects your intelligence (+5).
   Contam:    It causes magical contamination when unequipped.
   Harm:      It increases damage dealt and taken.
Magical Staves
 a - the staff "Dragonbane" {rElec Will++ Int+4 Air}
   (You found it on level 27 of a ziggurat)

   [staff of air]

   Base accuracy: +5 Base damage: 5 Base attack delay: 1.2 This weapon's minimum
   attack delay (0.6) is reached at skill level 12.
   Int:       It affects your intelligence (+4).
   rElec:     It insulates you from electricity.
   Air:       It increases the power of your Air spells.
   Will:      It greatly increases your willpower.
   It falls into the 'Staves' category.
   It is a one-tentacled weapon.
Jewellery
 c - a +6 ring of strength (left tentacle)
 n - a +6 ring of strength (right tentacle)
 p - a +6 ring of strength (on tentacle)
 r - a +6 ring of strength (on tentacle)
 s - the ring "Bufoich" (on tentacle) {Str+6 Int+3}
   (You found it on level 23 of a ziggurat)

   [ring of strength]

   Str:       It affects your strength (+6).
   Int:       It affects your intelligence (+3).
 u - the ring of the Empty Page (on tentacle) {*Corrode rPois rF+++ Str+6 Dex-4}
   (You found it on level 21 of a ziggurat)

   [ring of poison resistance]

   Str:       It affects your strength (+6).
   Dex:       It affects your dexterity (-4).
   rF:        It renders you almost immune to fire.
   rPois:     It protects you from poison.
   *Corrode:  It may corrode you when you take damage.
 z - a +6 ring of strength
 D - the amulet of Eternity (around mantle) {Regen+ Str+4}
   (You found it on level 25 of a ziggurat)

   [amulet of regeneration]

   Str:       It affects your strength (+4).
   Regen:     It increases your rate of health regeneration.
 O - the ring "Nofex" (on tentacle) {rPois rF- Str+7 Int+6 Dex+3}
   (You found it on level 12 of a ziggurat)

   [ring of intelligence]

   Str:       It affects your strength (+7).
   Int:       It affects your intelligence (+6).
   Dex:       It affects your dexterity (+3).
   rF:        It makes you vulnerable to fire.
   rPois:     It protects you from poison.
 X - the ring of the Scarab (on tentacle) {Ice rElec Str+8}
   (You found it on level 6 of a ziggurat)

   [ring of ice]

   It enhances your ice magic.
   Str:       It affects your strength (+8).
   rF:        It makes you vulnerable to fire.
   rC:        It protects you from cold.
   rElec:     It insulates you from electricity.
Wands
 i - a wand of charming (67)
 j - a wand of flame (180)
 l - a wand of digging (137)
 t - a wand of mindburst (148)
 W - a wand of acid (110)
 Y - a wand of iceblast (194)
Scrolls
 f - 44 scrolls of fog
 g - 12 scrolls of vulnerability
 k - 23 scrolls of immolation
 v - 14 scrolls of revelation
 y - 60 scrolls of teleportation
 C - 20 scrolls of fear
 J - 20 scrolls of blinking
 N - 6 scrolls of butterflies
Potions
 d - 4 potions of resistance
 e - 9 potions of magic
 h - 19 potions of curing
 m - 31 potions of cancellation
 o - 3 potions of brilliance
 q - 10 potions of might
 x - 2 potions of haste
 A - 28 potions of heal wounds
 B - 11 potions of ambrosia
 M - 5 potions of invisibility
 P - 10 potions of lignification
 S - 45 potions of mutation
 V - 7 potions of enlightenment
Miscellaneous
 w - a +3 figurine of a ziggurat


   Skills:
 O Level 27 Fighting
 - Level 18.9 Ranged Weapons
 O Level 27 Dodging
 + Level 24.5 Stealth
 - Level 18.0 Shields
 O Level 27 Unarmed Combat
 O Level 27 Spellcasting
 - Level 23.9 Conjurations
 - Level 12.9 Necromancy
 - Level 14.7 Translocations
 O Level 27 Transmutations
 - Level 24.0 Fire Magic
 - Level 7.1 Ice Magic
 O Level 27 Air Magic
 - Level 19.5 Earth Magic
 - Level 2.6 Poison Magic
 - Level 18.4 Invocations
 - Level 10.3 Evocations


You had 12 spell levels left.
You knew the following spells:

 Your Spells              Type           Power      Damage    Failure   Level
a - Shatter               Erth           64%        3d47*     7%          9
b - Storm Form            Tmut/Air       71%        N/A       0%          7
c - Statue Form           Tmut/Erth      90%        N/A       0%          6
d - Disjunction           Tloc           58%        N/A       3%          8
e - Fire Storm            Conj/Fire      69%        8d17      1%          9
f - Necromutation         Tmut/Necr      64%        N/A       1%          8
g - Irradiate             Conj/Tmut      70%        3d35      0%          5
h - Passage of Golubria   Tloc           100%       N/A       0%          4
i - Blink                 Tloc           100%       N/A       0%          2
j - Wereblood             Tmut           100%       N/A       0%          2
k - Borgnjor's Revivific  Necr           55%        N/A       7%          8

Your spell library contained the following spells:

 Spells                   Type           Power      Damage    Failure   Level
 Apportation              Tloc           100%       N/A       0%          1
 Beastly Appendage        Tmut           100%       N/A       0%          1
 Foxfire                  Conj/Fire      100%       2x1d9     0%          1
 Freeze                   Ice            100%       1d10      0%          1
 Kiss of Death            Conj/Necr      100%       2d13      0%          1
 Magic Dart               Conj           100%       1d8       0%          1
 Necrotise                Necr           100%       1d9       0%          1
 Sandblast                Erth           100%       2d20      0%          1
 Shock                    Conj/Air       100%       1d9       0%          1
 Sting                    Tmut/Pois      100%       1d8       0%          1
 Cigotuvi's Dreadful Rot  Necr/Pois/Air  100%       N/A       0%          2
 Lesser Beckoning         Tloc           100%       N/A       0%          2
 Momentum Strike          Conj/Tloc      100%       3d10      0%          2
 Passwall                 Tmut/Erth      100%       N/A       0%          2
 Poisonous Vapours        Pois/Air       100%       N/A       0%          2
 Scorch                   Fire           100%       2d9       0%          2
 Searing Ray              Conj           100%       2d8       0%          2
 Static Discharge         Conj/Air       100%       2-7/arc   0%          2
 Sublimation of Blood     Necr           100%       N/A       0%          2
 Dazzling Flash           Conj/Hex       100%       N/A       0%          3
 Gell's Gravitas          Tloc           100%       N/A       0%          3
 Hailstorm                Conj/Ice       100%       3d20      0%          3
 Ignite Poison            Fire/Tmut/Pois 100%       N/A       0%          3
 Inner Flame              Hex/Fire       100%       N/A       0%          3
 Mephitic Cloud           Conj/Pois/Air  100%       N/A       0%          3
 Spider Form              Tmut/Pois      100%       N/A       0%          3
 Stone Arrow              Conj/Erth      100%       3d13      0%          3
 Swiftness                Air            100%       N/A       0%          3
 Teleport Other           Tloc           100%       N/A       0%          3
 Vampiric Draining        Necr           100%       2d13      0%          3
 Vhi's Electric Charge    Tloc/Air       100%       N/A       0%          3
 Volatile Blastmotes      Fire/Tloc      100%       2d18      0%          3
 Airstrike                Air            71%        2d(11-27) 0%          4
 Animate Dead             Necr           100%       N/A       0%          4
 Dispel Undead            Necr           100%       3d31      0%          4
 Flame Wave               Conj/Fire      100%       2d21      0%          4
 Fulminant Prism          Conj/Hex       54%        3d23      0%          4
 Ice Form                 Ice/Tmut       100%       N/A       0%          4
 Iskenderun's Mystic Bla  Conj/Tloc      100%       2d19      0%          4
 Manifold Assault         Tloc           100%       N/A       0%          4
 Petrify                  Tmut/Erth      100%       N/A       0%          4
 Sticky Flame             Conj/Fire      100%       2d11      0%          4
 Summon Lightning Spire   Summ/Air       100%       N/A       0%          4
 Alistair's Intoxication  Tmut/Pois      77%        N/A       0%          5
 Arcjolt                  Conj/Air       70%        1d80      0%          5
 Blade Hands              Tmut           71%        N/A       0%          5
 Borgnjor's Vile Clutch   Necr/Erth      60%        N/A       0%          5
 Fireball                 Conj/Fire      69%        3d26      0%          5
 Freezing Cloud           Conj/Ice/Air   76%        6-21      0%          5
 Iskenderun's Battlesphe  Conj           100%       2d15      0%          5
 Lee's Rapid Deconstruct  Erth           64%        3d29*     0%          5
 Conjure Ball Lightning   Conj/Air       70%        3x3d26    0%          6
 Leda's Unmaking          Conj/Erth      66%        9d11      0%          6
 Plasma Beam              Fire/Air       70%        2x1d87    0%          6
 Starburst                Conj/Fire      69%        6d18      0%          6
 Dragon Form              Tmut           71%        N/A       0%          7
 Orb of Destruction       Conj           68%        9d16      0%          7
 Slow                     Hex            100%       N/A       1%          1
 Summon Small Mammal      Summ           100%       N/A       1%          1
 Call Imp                 Summ           100%       N/A       1%          2
 Ensorcelled Hibernation  Hex/Ice        100%       N/A       1%          2
 Call Canine Familiar     Summ           59%        N/A       1%          3
 Confusing Touch          Hex            59%        N/A       1%          3
 Frozen Ramparts          Ice            100%       1d16      1%          3
 Ozocubu's Armour         Ice            100%       N/A       1%          3
 Portal Projectile        Hex/Tloc       100%       N/A       1%          3
 Summon Guardian Golem    Hex/Summ       59%        N/A       1%          3
 Tukima's Dance           Hex            59%        N/A       1%          3
 Anguish                  Hex/Necr       45%        N/A       1%          4
 Cause Fear               Hex            29%        N/A       1%          4
 Leda's Liquefaction      Hex/Erth       50%        N/A       1%          4
 Olgreb's Toxic Radiance  Pois           73%        N/A       1%          4
 Summon Ice Beast         Ice/Summ       98%        N/A       1%          4
 Agony                    Necr           100%       N/A       1%          5
 Metabolic Englaciation   Hex/Ice        49%        N/A       1%          5
 Silence                  Hex/Air        56%        N/A       1%          5
 Summon Forest            Summ/Tloc      46%        N/A       1%          5
 Yara's Violent Unravell  Hex/Tmut       56%        3d21      1%          5
 Death Channel            Necr           55%        N/A       1%          6
 Dispersal                Tloc           58%        N/A       1%          6
 Eringya's Noxious Bog    Tmut/Pois      58%        4d6       1%          6
 Simulacrum               Ice/Necr       63%        N/A       1%          6
 Spellforged Servitor     Conj/Summ      54%        N/A       1%          7
 Ignition                 Fire           69%        3d18      1%          8
 Lehudib's Crystal Spear  Conj/Erth      66%        10d15     1%          8
 Maxwell's Capacitive Co  Air            71%        ∞         1%          8
 Chain Lightning          Conj/Air       70%        3d93      1%          9
 Summon Mana Viper        Hex/Summ       59%        N/A       5%          5
 Infestation              Necr           55%        N/A       7%          8
 Malign Gateway           Summ/Tloc      46%        N/A       9%          7
 Ozocubu's Refrigeration  Ice            57%        4d20      10%         7
 Haunt                    Necr/Summ      45%        N/A       12%         7
 Summon Cactus Giant      Summ           29%        N/A       30%         6
 Death's Door             Necr           55%        N/A       71%         9
 Enfeeble                 Hex            29%        N/A       86%         7
 Summon Hydra             Summ           29%        N/A       86%         7
 Discord                  Hex            29%        N/A       100%        8
 Summon Horrible Things   Summ           29%        N/A       100%        8
 Dragon's Call            Summ           29%        N/A       100%        9
 Polar Vortex             Ice            57%        12d7*     100%        9
 Animate Armour           Summ/Erth      Unusable   N/A       N/A         4

Dungeon Overview and Level Annotations

Branches:
Dungeon (15/15)            Temple (1/1) D:4            Lair (5/5) D:9
 Shoals (4/4) Lair:2       Spider (4/4) Lair:2        Slime (0/5) Lair:5
    Orc (2/2) D:11            Elf (3/3) Orc:2        Vaults (5/5) D:13
  Crypt (3/3) Vaults:3       Tomb (0/3) Crypt:3      Depths (4/4) D:15
    Zot (5/5) Depths:4      Sewer (visited)

Altars:
Ashenzari
Cheibriados
Dithmenos
Elyvilon
Fedhas
Gozag
Hepliaklqana
Kikubaaqudgha
Makhleb
Nemelex Xobeh
Okawaru
Qazlal
Ru
Sif Muna
Trog
Uskayaw
Vehumet
Wu Jian
Xom
Yredelemnul
Zin
The Shining One
Jiyva

Shops:
D:1 [   D:2 (   D:8 *   D:12 (   Orc:2 [*(**   Elf:3 :   Vaults:2 (
Vaults:4 *   Depths:3 *

Portals:
Hell: Depths:1 Depths:2 Depths:3 Depths:4
Abyss: Depths:1 Depths:3
Pandemonium: Depths:2 Depths:4

Annotations:
D:2 1 runed translucent door, Crazy Yiuf
Elf:2 3 runed translucent doors
Depths:4 exclusion: upstairs


Innate Abilities, Weirdness & Mutations

You cannot wear most types of armour.
You are amphibious.
You can wear up to eight rings at the same time.
Your skin changes colour to match your surroundings (Stealth+).
Your rubbery body absorbs attacks. (AC +1, EV +1)
((You are camouflaged when in or above water. (Stealth+)))
You have tentacles for arms and can constrict up to eight enemies at once.
You have a beak for a mouth.
One of your tentacles bears a spike.
You sometimes lose your temper in combat.


Message History

There is a stone staircase leading down here.
Your transformation is almost over.
HP restored.
You revert to your normal fleshy form.
Things that are here:
a +0 leather armour; 2 boomerangs; a +0 flail You see here a +0 trident.
Things that are here:
a +0 leather armour; a +0 trident You see here a +0 whip.
There is a stone staircase leading up here.
You climb upwards.
There is a stone staircase leading down here.
A rust devil comes into view.
There is a stone staircase leading up here.
You climb upwards.
There is a stone staircase leading down here.
There is a stone staircase leading up here.
You climb upwards.
There is a stone staircase leading down here.
There is a stone staircase leading up here.
You climb upwards.
Level annotation: 1 runed translucent door, Crazy Yiuf
There is a stone staircase leading down here.
An Orb Guardian comes into view.
The Orb Guardian attacks as you move away!
The Orb Guardian completely misses you. You block the Orb Guardian's attack.
GONNNNG!
The Orb Guardian misses you.
You thrash the Orb Guardian!!!!
You kill the Orb Guardian!
Cheibriados thoroughly appreciates the change of pace.
No target in view!
There is a stone staircase leading up here.
You climb upwards.
There is a stone staircase leading down here.
You see here a +0 club.
There is an open door here.
There is a staircase leading out of the dungeon here.
You have escaped!

#.######.#.#..#####.#####..#
#........#....#...#)#...#..#
##########.#..#...'.#...#..#
#....#..#...#.#...#..#
#.##.#..#####.##'##..####
#..#.#...............)..##
#..#.#..##'##.#####.###..##
#..#.#..#...#.#...#.# ##..#
##########.#..#.@.#.'.>.#.# ##.#
.........#.#..#...#.#...#.## #.#
########.#.#..#####.#####..####..
# #.#.#..................... #
#.#.#.#############.####.. #
#.#.#.............#.# #.. #
#.#...............#.# #.# #
######.#################.####.# #
#.............# #.#.....


There were no monsters in sight!

Vanquished Creatures
  The ghost of TittyCrusher the Middleweight Champion, a legendary DrTm of Cheibriados (Zig:19)
  83 pandemonium lords
  19 dread liches
  29 ancient liches
  12 orbs of fire
  The ghost of strangelove the Metallomancer, a master GrEE of Vehumet (Zig:19)
  Mara (Spider:3)
  The ghost of jasper the Ruinous, a legendary GrFE of Ashenzari (Zig:19)
  The ghost of Likado the Gnoll Barricade, a legendary GnSk of the Shining One (Zig:19)
  The ghost of Totuz the Messiah, a legendary HOFi of Beogh (Zig:19)
  The ghost of Qeilemp the Conqueror, a legendary HOFi of Beogh (Zig:19)
  20 juggernauts
  The ghost of Alysiarr the Cutthroat, a legendary KoHu of Okawaru (Zig:19)
  49 royal mummies
  The ghost of frimble the Earth Mage, a legendary OpWr of Cheibriados (Zig:19)
  The ghost of Viugiw the Slayer, a legendary TeBe of the Shining One (Zig:19)
  Boris (Vaults:3)
  The ghost of TittyCrusher the Sensei, a legendary OpTm of Cheibriados (Zig:19)
  Parghit (Depths:3)
  The ghost of Dameikh the Hoplite, a veteran FoFi of Nemelex Xobeh (Zig:19)
  18 caustic shrikes
  The ghost of Zonian the Warrior, a legendary VSGl of Ashenzari (Zig:19)
  Frederick (Vaults:2)
  33 Killer Klowns
  16 shard shrikes
  Margery (Vaults:4)
  Bai Suzhen (Vaults:2)
  10 profane servitors
  5 curse toes
  36 bone dragons
  Nikola (Depths:1)
  49 golden dragons
  3 pearl dragons (Zig:11)
  Arachne (Spider:2)
  5 electric golems
  18 doom hounds
  Jorgrun (Shoals:1)
  10 Tzitzimimeh
  14 hellephants
  10 Brimstone Fiends
  3 iron giants
  14 tainted leviathans
  28 tentacled monstrosities
  8 Hell Sentinels
  38 Ice Fiends
  The ghost of MrSquiggles the Brawler, an adept TrAr of Qazlal (Elf:1)
  The ghost of 2FriedEggs the Nimble, an adept GnMo of Cheibriados (Shoals:3)
  25 titans
  A walking divine tome (Zig:18)
  A walking frostbound tome (Depths:3)
  28 Orb Guardians
  3 deep elf blademasters
  14 liches
  8 searing wretches (Zig:15)
  Polyphemus (Shoals:3)
  4 deep elf master archers
  20 quicksilver dragons
  36 ancient champions
  26 acid blobs
  Asterion (Vaults:1)
  7 Executioners
  A kraken (Shoals:2)
  10 death cobs
  2 sphinxes (shapeshifter)
  Gastronok (Lair:2)
  23 sphinxes
  Frances (D:14)
  2 quicksilver dragons (shapeshifter)
  7 tentacled starspawn
  4 shadow dragons (shapeshifter)
  5 thorn hunters
  Agnes (Spider:3)
  6 shadow dragons
  Kirke (Spider:3)
  9 tengu reavers
  Roxanne (Shoals:3)
  15 fire giants
  27 storm dragons
  3 rockslimes (Zig:26)
  55 nagarajas
  40 draconian monks
  2 fire giants (shapeshifter)
  4 daevas (Zig:11)
  An azure jelly (shapeshifter) (Zig:26)
  10 demonspawn warmongers
  18 narguns
  36 revenants
  2 fenstrider witches (Zig:12)
  33 draconian knights
  6 azure jellies
  25 vault wardens
  4 iron dragons
  5 deep elf sorcerers
  8 ghost moths
  18 frost giants
  Louise (Depths:3)
  A quicksilver elemental (Zig:3)
  4 emperor scorpions
  5 deep elf elementalists
  13 demonspawn corrupters
  Aizul (Shoals:3)
  43 draconian shifters
  13 cacodemons
  A ghost moth (shapeshifter) (Zig:20)
  3 broodmothers
  32 curse skulls
  34 draconian scorchers
  44 orc warlords
  32 draconian stormcallers
  6 ghouls
  15 balrugs
  2 juggernaut zombies
  3 formless jellyfish
  4 angels
  4 demonspawn blood saints
  6 juggernaut skeletons
  3 quicksilver oozes (shapeshifter)
  6 quicksilver oozes (Zig:26)
  A caustic shrike zombie (Crypt:3)
  4 caustic shrike skeletons
  32 draconian annihilators
  17 war gargoyles
  A formless jellyfish (shapeshifter) (Zig:27)
  28 very ugly things
  3 ophanim (Zig:11)
  37 ironbound preservers
  45 stone giants
  7 ironbound thunderhulks
  The ghost of AwFulAwFulPlayer the Carver, a journeyman HuBe of Trog (Lair:3)
  A stone giant (shapeshifter) (Zig:26)
  Nessos (D:14)
  11 reapers
  10 eleionomae
  7 apis (Zig:11)
  32 vampire knights
  25 green draconians
  12 deep elf annihilators
  28 black draconians
  3 eleionomae (shapeshifter)
  19 bunyips
  20 bennus
  22 white draconians
  16 putrid mouths
  A minotaur (shapeshifter) (Zig:14)
  17 purple draconians
  9 lorocyprocas
  20 red draconians
  20 dire elephants
  14 demonspawn black suns
  38 yellow draconians
  12 deep elf demonologists
  3 spark wasps (Depths:2)
  14 starcursed masses
  23 wendigos
  4 dire elephants (shapeshifter)
  17 merfolk javelineers
  60 mummy priests
  32 eidola
  A quicksilver dragon zombie (Zig:22)
  18 blizzard demons
  33 green deaths
  5 crystal guardians
  3 iron golems (Zig:13)
  22 ettins
  24 merfolk impalers
  26 deep elf death magi
  Josephine (D:11)
  A spectral golden dragon (Zig:27)
  9 entropy weavers
  12 great orbs of eyes
  11 deep elf high priests
  2 fire dragons
  3 spriggan zombies
  21 jiangshi
  2 entropy weavers (shapeshifter)
  28 vault guards
  5 quicksilver dragon skeletons
  50 salamander tyrants
  12 shambling mangroves
  A fenstrider witch zombie (Crypt:3)
  29 yaktaur captains
  A catoblepas (shapeshifter) (Zig:26)
  10 ice dragons
  3 caustic shrike simulacra
  2 jorogumos (shapeshifter) (Zig:23)
  5 ghost crabs
  3 juggernaut simulacra
  40 hydras
  6 ironbound frosthearts
  3 jorogumos
  A spriggan skeleton (Zig:24)
  4 peacekeepers
  7 rakshasas
  3 alligator snapping turtles (shapeshifter) (Zig:26)
  4 spriggan air magi
  9 catoblepae
  A radroach (Spider:3)
  10 hell beasts
  9 merfolk avatars
  2 anacondas (shapeshifter)
  A radroach (shapeshifter) (Zig:15)
  A fenstrider witch skeleton (Crypt:3)
  4 deep troll shamans
  A boulder beetle (shapeshifter) (Zig:15)
  13 centaur warriors
  32 dancing weapons
  19 merfolk aquamancers
  6 alligators
  2 death knights
  A stoker (Zig:15)
  10 two-headed ogres
  8 ogre magi
  An alligator (shapeshifter) (Vaults:2)
  9 anacondas
  8 boulder beetles
  20 death yaks
  5 alligator snapping turtles
  21 death scarabs
  4 deep troll earth magi
  A two-headed ogre (shapeshifter) (Zig:15)
  4 satyrs
  16 naga sharpshooters
  45 orc high priests
  12 naga warriors
  3 tengu warriors
  8 demonic crawlers
  The ghost of superbruh the Covert, a novice OpBr of Fedhas (D:8)
  Urug (Lair:5)
  7 spriggans
  2 titan zombies
  2 shock serpents (shapeshifter)
  12 soul eaters
  3 spriggan berserkers
  22 hell knights
  A spectral storm dragon (Zig:17)
  27 vampire magi
  12 sun demons
  3 thrashing horrors
  26 deep elf knights
  Amaemon (Lair:3)
  6 titan skeletons
  25 iron trolls
  3 fire crabs (shapeshifter)
  13 shock serpents
  A crystal echidna (Zig:3)
  A salamander mystic (Zig:25)
  A skyshark (shapeshifter) (Zig:23)
  52 skeletal warriors
  3 skysharks (Shoals:2)
  7 goliath frogs
  14 shadow wraiths
  3 golden dragon zombies
  An anaconda zombie (Crypt:3)
  4 iron trolls (shapeshifter)
  3 cherubim (Zig:11)
  18 sea snakes
  3 spatial maelstroms
  8 wretched stars
  Lodul (D:14)
  6 pharaoh ants
  An orb spider (shapeshifter) (Zig:17)
  32 death drakes
  2 glowing orange brains (shapeshifter)
  2 death drakes (shapeshifter)
  4 sixfirhies
  6 spriggan druids
  70 deep trolls
  2 glowing orange brains
  2 storm dragon skeletons (Zig:22)
  11 naga ritualists
  A sun moth (Spider:4)
  A spark wasp zombie (Zig:9)
  25 flayed ghosts
  10 orb spiders
  29 swamp dragons
  A bunyip zombie (Crypt:2)
  2 tengu zombies
  A deep troll (shapeshifter) (Zig:26)
  6 shadow demons
  A sea snake (shapeshifter) (Zig:15)
  7 bog bodies
  26 ironbound convokers
  4 obsidian statues
  A swamp dragon (shapeshifter) (Zig:23)
  16 lindwurms
  2 sphinx zombies
  30 phantasmal warriors
  5 steelbarb worms
  35 deep elf pyromancers
  6 golden dragon skeletons
  2 wolf spider zombies (D:13)
  2 lindwurms (shapeshifter) (Zig:27)
  18 deep elf archers
  49 harpies
  2 steelbarb worms (shapeshifter)
  An anaconda skeleton (Crypt:1)
  4 orange crystal statues
  7 wizards
  15 necromancers
  A broodmother zombie (Crypt:2)
  2 shadow dragon zombies
  4 mana vipers
  34 orc knights
  17 wolf spiders
  43 ugly things
  29 deep elf zephyrmancers
  2 iron dragon zombies
  4 salamanders (shapeshifter)
  13 fauns
  45 orc sorcerers
  3 tengu skeletons
  12 large abominations
  2 cyclopes (shapeshifter)
  2 manticores (shapeshifter)
  5 shadow dragon skeletons
  9 shining eyes
  4 salamanders
  A moth of wrath (shapeshifter) (D:15)
  2 mana vipers (shapeshifter)
  14 cyclopes
  A toenail golem (Zig:21)
  21 manticores
  49 moths of wrath
  A shining eye (shapeshifter) (Zig:23)
  A faun (shapeshifter) (Zig:27)
  29 elephants
  5 will-o-the-wisps
  A black mamba (shapeshifter) (Zig:26)
  An elephant (shapeshifter) (Zig:26)
  2 rust devils
  33 water nymphs
  13 merfolk sirens
  4 iron dragon skeletons
  35 black mambas
  3 sphinx skeletons
  Maurice (Orc:1)
  3 worldbinders
  2 water nymphs (shapeshifter)
  An elf zombie (Vaults:3)
  9 smoke demons
  22 vault sentinels
  A molten gargoyle (Depths:4)
  A titan simulacrum (Zig:22)
  10 torpor snails
  9 eyes of devastation
  27 naga magi
  12 centaur zombies
  9 guardian serpents
  2 guardian serpents (shapeshifter)
  2 torpor snails (shapeshifter)
  4 orange demons
  20 hellions
  2 storm dragon simulacra
  4 ice statues (Zig:19)
  A stone giant skeleton (Vaults:2)
  9 apocalypse crabs
  2 dire elephant skeletons
  An eye of devastation (shapeshifter) (Zig:27)
  A minotaur zombie (Crypt:1)
  23 cane toads
  A cane toad (shapeshifter) (Zig:14)
  3 gargoyles
  A grey draconian zombie (Crypt:1)
  17 rime drakes
  36 yaktaurs
  2 human zombies (Vaults:2)
  An unseen horror (D:13)
  A rime drake (shapeshifter) (Zig:26)
  3 ice devils
  5 kobold demonologists (D:9)
  A yaktaur skeleton (Vaults:2)
  4 freezing wraiths
  A silent spectre (Zig:8)
  21 komodo dragons
  2 golden dragon simulacra
  98 guardian mummies
  4 ancient zymes
  A tengu conjurer (D:15)
  4 bloated husks (Zig:10)
  16 tormentors
  4 polar bears
  13 tyrant leeches
  4 hellwings
  87 merfolk
  2 shadow dragon simulacra (Zig:16)
  10 meliai
  9 wind drakes
  A merfolk (shapeshifter) (Zig:17)
  A queen bee (shapeshifter) (Zig:26)
  2 red devils
  20 tarantellas
  37 hornets
  A sphinx simulacrum (Zig:24)
  30 trolls
  A fire dragon zombie (Crypt:3)
  A harpy skeleton (Crypt:2)
  5 raiju
  12 blink frogs
  A death drake skeleton (Crypt:2)
  9 dream sheep
  12 jumping spiders
  15 snapping turtles
  2 iron dragon simulacra
  A centaur simulacrum (D:13)
  2 jumping spiders (shapeshifter)
  2 snapping turtles (shapeshifter)
  62 flying skulls
  2 culicivoras (shapeshifter)
  A spriggan (shapeshifter) (D:14)
  14 wraiths
  32 slime creatures
  7 air elementals
  29 ushabtiu
  6 vampires
  5 ynoxinuls
  37 water elementals
  A shadow (D:12)
  A yak (shapeshifter) (Elf:3)
  18 culicivoras
  6 wyverns
  An ettin skeleton (Crypt:2)
  4 hogs (Spider:3)
  67 yaks
  Grum (D:11)
  2 fire bats (Depths:1)
  2 golden eyes (Zig:26)
  5 fire elementals
  A basilisk (shapeshifter) (Zig:9)
  8 neqoxecs
  A human (Spider:3)
  4 basilisks
  7 chaos spawn
  A steam dragon (shapeshifter) (Vaults:5)
  43 redbacks
  A spatial vortex (Zig:18)
  26 wargs
  A death yak simulacrum (Lair:3)
  4 spriggan simulacra
  A naga (shapeshifter) (Zig:26)
  A swamp worm (shapeshifter) (Zig:26)
  A vampire mosquito (Zig:10)
  17 nagas
  A merfolk zombie (Crypt:2)
  20 water moccasins
  2 acid dragons
  A hell hound (Zig:18)
  2 glowing shapeshifter zombies
  3 floating eyes (Zig:26)
  5 glowing shapeshifter skeletons
  2 swamp drakes
  2 black bears
  A sky beast (D:6)
  A black bear (shapeshifter) (Zig:12)
  A dream sheep zombie (Crypt:1)
  A faun skeleton (Crypt:1)
  131 orc warriors
  4 ice beasts
  A swamp dragon zombie (Crypt:2)
  68 ogres
  3 boggarts (Vaults:2)
  20 wolves
  18 centaurs
  A blink frog skeleton (Crypt:2)
  An elf simulacrum (Vaults:2)
  A fire crab zombie (Crypt:2)
  5 human skeletons
  6 kobold brigands
  A phantom (D:6)
  11 bullfrogs
  A cane toad simulacrum (Lair:3)
  2 gnoll sergeants (D:6)
  3 scorpions
  4 earth elementals
  4 necrophages
  8 wights
  2 blink frog simulacra (Lair:3)
  A yak zombie (Crypt:2)
  16 killer bees
  2 dream sheep simulacra (Lair:3)
  6 electric eels
  A wolf zombie (Crypt:1)
  12 howler monkeys
  A jelly (shapeshifter) (Vaults:5)
  A komodo dragon simulacrum (Lair:3)
  A basilisk zombie (Crypt:1)
  37 orc priests
  4 jellies
  3 hounds
  A gnoll bouda (Zig:19)
  7 iguanas
  A sleepcap (D:7)
  Ijyb (D:4)
  A scorpion zombie (Crypt:2)
  Natasha (thrice) (D:2)
  A boggart zombie (D:13)
  48 orc wizards
  8 hell rats
  146 mummies
  3 naga skeletons
  Robin (D:4)
  8 gnolls
  10 adders
  A river rat (Sewer)
  An ufetubus (D:7)
  4 worms
  3 dart slugs
  58 orcs
  12 endoplasms
  4 giant cockroaches
  10 goblins
  14 hobgoblins
  7 jackals (D:2)
  4 quokkas
  12 ball pythons
  3 bats
  3 frilled lizards
  17 kobolds
  A quokka zombie (Crypt:1)
  7 rats
  A butterfly (D:4)
  5 fire vortices
  3 starspawn tentacles
  A tentacle (Shoals:2)
5871 creatures vanquished.

Vanquished Creatures (collateral kills)
  2 dread liches
  3 ancient liches
  Boris (Depths:4)
  2 Killer Klowns
  A caustic shrike (Zig:25)
  A golden dragon (Zig:12)
  4 pandemonium lords
  A lich (Crypt:3)
  A quicksilver dragon (Zig:25)
  3 draconian monks
  A tengu reaver (Depths:1)
  A shadow dragon (Vaults:5)
  A draconian knight (Zig:24)
  2 draconian scorchers (Zig:27)
  A frost giant (Depths:1)
  An orc warlord (Vaults:4)
  A ghoul (Crypt:2)
  A reaper (Zig:3)
  A formless jellyfish (shapeshifter) (Zig:26)
  A vampire knight (Crypt:2)
  An ironbound preserver (Vaults:4)
  A wendigo (Zig:13)
  4 dire elephants (Vaults:4)
  An eidolon (Crypt:2)
  An ettin (Depths:4)
  A hydra (Zig:14)
  A centaur warrior (Vaults:3)
  An ironbound frostheart (Vaults:4)
  2 alligator snapping turtles (shapeshifter)
  A death scarab (Zig:14)
  A spark wasp zombie (Crypt:2)
  3 skeletal warriors
  2 deep trolls (Vaults:3)
  A golden dragon zombie (Zig:26)
  A lindwurm (Vaults:3)
  An iron dragon zombie (Zig:26)
  A vault sentinel (Vaults:4)
  A black mamba (Zig:25)
  2 cane toads (Zig:25)
  A guardian mummy (Zig:26)
  A freezing wraith (Zig:23)
  2 hornets
  A dream sheep (Zig:25)
  2 flying skulls
  A water elemental (Zig:16)
  A ynoxinul (Zig:21)
  A slime creature (shapeshifter) (Zig:14)
  A wraith (Crypt:1)
  A black mamba skeleton (Crypt:2)
  2 golden eyes (Zig:26)
  A redback (Vaults:4)
  2 chaos spawn
  2 ice beasts (Zig:16)
  A wyvern skeleton (Crypt:1)
  3 starcursed masses (Zig:18)
  26 mummies
106 creatures vanquished.

Vanquished Creatures (others)
  A fenstrider witch (Zig:10)
  A fire giant (shapeshifter) (Zig:20)
  A very ugly thing (Zig:20)
  A lorocyproca (Zig:20)
  A deep elf zephyrmancer (Elf:2)
  An ugly thing (Zig:20)
  A cyclops (shapeshifter) (Zig:20)
  4 apocalypse crabs (Zig:20)
  A smoke demon (Zig:6)
  A storm dragon simulacrum (Zig:22)
  A yaktaur (Vaults:5)
  A culicivora (Spider:3)
  4 chaos spawn
  A swamp worm (shapeshifter) (Zig:20)
  1789 fire vortices
  585 foxfires
  8 tentacles (Shoals:2)
2402 creatures vanquished.

Grand Total: 8379 creatures vanquished

Notes
Turn   | Place    | Note
-------+----------+-------------------------------------------
     0 | D:1      | TittyCrusher the Octopode Fire Elementalist began the quest
                  | for the Orb.
     0 | D:1      | Reached XP level 1. HP: 11/11 MP: 3/3
   257 | D:1      | Reached XP level 2. HP: 9/17 MP: 1/5
   260 | D:1      | Learned a level 2 spell: Scorch
   543 | D:1      | Found Sepeaqa's Antique Armour Emporium.
  1168 | D:2      | Noticed Natasha
  1182 | D:2      | Killed Natasha
  1183 | D:2      | Reached XP level 3. HP: 9/21 MP: 0/8
  1294 | D:2      | Learned a level 3 spell: Volatile Blastmotes
  1449 | D:2      | Reached XP level 4. HP: 27/27 MP: 6/9
  1512 | D:2      | Found Minoemil's Antique Weapon Shop.
  1568 | D:2      | Found a runed translucent door.
  1569 | D:2      | Noticed Crazy Yiuf
  1781 | D:2      | Noticed Natasha
  1785 | D:2      | Killed Natasha
  1920 | D:2      | Noticed Natasha
  1927 | D:2      | Killed Natasha
  1928 | D:2      | Reached XP level 5. HP: 31/31 MP: 6/10
  1945 | D:2      | Bought an encrusted mace for 192 gold pieces
  1945 | D:2      | Identified the +7 mace of Tehe {heavy, rElec} (You bought
                  | it in a shop on level 2 of the Dungeon)
  2323 | D:3      | Found a glowing drain.
  2332 | Sewer    | Entered a sewer
  2621 | Sewer    | Reached XP level 6. HP: 36/36 MP: 7/11
  2668 | Sewer    | Found a shimmering altar of Xom.
  3234 | D:3      | Found a faded altar of an unknown god.
  3499 | D:4      | Noticed Ijyb
  3522 | D:4      | Killed Ijyb
  3630 | D:4      | Learned a level 4 spell: Flame Wave
  3681 | D:4      | Found a staircase to the Ecumenical Temple.
  3690 | Temple   | Entered the Ecumenical Temple
  3697 | Temple   | Became a worshipper of Vehumet
  3842 | D:4      | Noticed Robin
  3982 | D:4      | Killed Robin
  4085 | D:4      | Noticed a black bear
  4104 | D:4      | Killed a black bear
  4105 | D:4      | Reached skill level 5 in Conjurations
  4105 | D:4      | Reached XP level 7. HP: 26/41 MP: 6/12
  4267 | D:4      | Learned a level 3 spell: Mephitic Cloud
  4295 | D:5      | Entered Level 5 of the Dungeon
  4454 | D:5      | Reached skill level 1 in Air Magic
  4454 | D:5      | Reached skill level 1 in Poison Magic
  4693 | D:5      | Found a sparkling altar of Nemelex Xobeh.
  4775 | D:5      | Found a glowing golden altar of the Shining One.
  4893 | D:5      | Reached * piety under Vehumet
  4893 | D:5      | Offered knowledge of Sandblast by Vehumet.
  5725 | D:6      | Reached XP level 8. HP: 39/46 MP: 9/13
  5776 | D:6      | Found an opulent altar of Gozag.
  5778 | D:6      | Found a blossoming altar of Fedhas.
  5869 | D:6      | Reached skill level 5 in Fire Magic
  6203 | D:6      | Found a large runed translucent door.
  6206 | D:6      | Noticed a troll
  6207 | D:6      | Found a large runed translucent door.
  6229 | D:6      | Found a large runed translucent door.
  6229 | D:6      | Found a large runed translucent door.
  6366 | D:6      | Noticed a vampire
  6442 | D:6      | Gained mutation: You sometimes lose your temper in combat.
                  | [potion of mutation]
  6442 | D:6      | Lost mutation: You sometimes lose your temper in combat.
                  | [potion of mutation]
  6519 | D:6      | Gained mutation: You are somewhat resistant to further
                  | mutation. [potion of mutation]
  6519 | D:6      | Gained mutation: You have a pair of small antennae on your
                  | head. [potion of mutation]
  7095 | D:7      | Noticed a yak
  7096 | D:7      | Noticed a yak
  7109 | D:7      | Noticed a yak
  7143 | D:7      | Killed a yak
  7144 | D:7      | Reached XP level 9. HP: 51/51 MP: 8/14
  7862 | D:8      | Noticed a troll
  8152 | D:8      | Reached ** piety under Vehumet
  8152 | D:8      | Offered knowledge of Shock by Vehumet.
  8166 | D:8      | Noticed a four-headed hydra
  8196 | D:8      | Reached skill level 5 in Spellcasting
  8460 | D:8      | Learned a level 5 spell: Freezing Cloud
  8488 | D:8      | Reached skill level 1 in Ice Magic
  8711 | D:8      | HP: 2/51 [poisoned by a killer bee]
  8926 | D:8      | Found Wenot's Assorted Antiques.
  8990 | D:8      | Found a large runed translucent door.
  8990 | D:8      | Found a large runed translucent door.
  8994 | D:8      | Noticed superbruh's ghost (novice OpBr)
  9175 | D:8      | Noticed a hornet
  9193 | D:8      | Killed a hornet
  9571 | D:8      | Reached XP level 10. HP: 56/56 MP: 19/19
  9579 | D:8      | Reached skill level 5 in Ice Magic
 10260 | D:9      | Identified the +5 mace of the Charming Asp {pain, rC+ Str+2
                  | Int+3 Dex+4}
 10398 | D:9      | Identified the +10 arbalest of Oplosm {elec, Fragile rF+
                  | rC++}
 10417 | D:9      | Offered knowledge of Ignite Poison by Vehumet.
 10582 | D:9      | Reached skill level 5 in Air Magic
 10722 | D:9      | Found a staircase to the Lair.
 11024 | Lair:1   | Entered Level 1 of the Lair of Beasts
 11091 | Lair:1   | Reached *** piety under Vehumet
 11182 | Lair:1   | Reached XP level 11. HP: 61/61 MP: 20/20
 11244 | Lair:1   | Offered knowledge of Iskenderun's Mystic Blast by Vehumet.
 11245 | Lair:1   | Reached skill level 5 in Dodging
 12445 | Lair:2   | Reached skill level 1 in Fighting
 12555 | Lair:2   | Found a hole to the Spider Nest.
 12780 | Lair:2   | Reached **** piety under Vehumet
 12781 | Lair:2   | Reached XP level 12. HP: 74/74 MP: 21/21
 12867 | Lair:2   | Identified 2 scrolls of acquirement
 12868 | Lair:2   | Acquired the ring "Mibin" {rF++ rC+ Will+ Int+3 Dex+2}
 12871 | Lair:2   | Acquired the +0 hat of Noon {rCorr MP+9}
 12980 | Lair:2   | Reached skill level 5 in Fighting
 13025 | Lair:2   | Offered knowledge of Airstrike by Vehumet.
 13132 | Lair:2   | Noticed an eight-headed hydra
 13144 | Lair:2   | Killed an eight-headed hydra
 13164 | Lair:2   | Found a staircase to the Shoals.
 13375 | Lair:2   | Noticed Gastronok
 13423 | Lair:2   | Killed Gastronok
 13947 | Lair:3   | Noticed a death yak
 13947 | Lair:3   | Noticed a death yak
 13947 | Lair:3   | Noticed a death yak
 13947 | Lair:3   | Noticed a death yak
 13947 | Lair:3   | Noticed a death yak
 14113 | Lair:3   | Noticed AwFulAwFulPlayer's ghost (journeyman HuBe)
 14266 | Lair:3   | Reached skill level 10 in Fighting
 14509 | Lair:3   | Found a runed translucent gate.
 14509 | Lair:3   | Found a runed translucent gate.
 14509 | Lair:3   | Found a runed translucent gate.
 14726 | Lair:3   | Reached skill level 1 in Shields
 14752 | Lair:3   | Noticed a death yak
 14770 | Lair:3   | Killed a death yak
 14771 | Lair:3   | Reached XP level 13. HP: 83/94 MP: 22/22
 14840 | Lair:3   | Reached skill level 5 in Shields
 14891 | Lair:3   | Noticed Amaemon
 14903 | Lair:3   | Killed Amaemon
 15385 | Lair:4   | Reached ***** piety under Vehumet
 15386 | Lair:4   | Offered knowledge of Irradiate by Vehumet.
 15397 | Lair:4   | Learned a level 5 spell: Irradiate
 15414 | Lair:4   | Identified the +1 falchion of the Present {spect, rN+ Will+
                  | rCorr}
 15622 | Lair:4   | Reached skill level 1 in Transmutations
 16164 | Lair:5   | Entered Level 5 of the Lair of Beasts
 16644 | Lair:5   | Found a viscous altar of Jiyva.
 16645 | Lair:5   | Found a staircase to the Slime Pits.
 16683 | Lair:5   | Identified the +9 trident of Mayhem {spect, rElec rC-
                  | Str+5}
 16771 | Lair:5   | Noticed Urug
 16777 | Lair:5   | Killed Urug
 17169 | Lair:5   | Reached XP level 14. HP: 62/99 MP: 26/26
 17186 | Lair:4   | Learned a level 7 spell: Orb of Destruction
 17795 | Lair:5   | Reached skill level 10 in Conjurations
 18698 | D:9      | Found the +7 Throatcutter {drain, coup de grace}
 18896 | D:10     | Entered Level 10 of the Dungeon
 19714 | D:11     | Found a staircase to the Orcish Mines.
 19759 | D:11     | Offered knowledge of Sticky Flame by Vehumet.
 19810 | D:11     | Noticed Josephine
 19816 | D:11     | Killed Josephine
 20239 | D:11     | Upgraded the game from 0.31-a0-202-g547052bce9 to
                  | 0.31-a0-217-g58bb5d79cf
 20442 | Orc:1    | Entered Level 1 of the Orcish Mines
 20537 | Orc:2    | Entered Level 2 of the Orcish Mines
 21097 | Orc:1    | Noticed Maurice
 21356 | Orc:1    | Killed Maurice
 21494 | Orc:2    | Found Ayvad's Alliterative Accessories.
 21499 | Orc:2    | Bought a scroll of acquirement for 676 gold pieces
 21499 | Orc:2    | Bought a potion of ambrosia for 104 gold pieces
 22159 | Orc:2    | Found a staircase to the Elven Halls.
 22169 | Orc:2    | Reached XP level 15. HP: 105/105 MP: 25/28
 22675 | Orc:2    | Found Cosovoodgh's Armour Emporium.
 22676 | Orc:2    | Found Bogattax's Antique Weapon Shoppe.
 22679 | Orc:2    | Found Xoaxa's General Store.
 22679 | Orc:2    | Found Leituin's General Store.
 22712 | Orc:2    | Bought a potion of heal wounds for 65 gold pieces
 22721 | Orc:2    | Bought a +5 ring of evasion for 468 gold pieces
 23036 | Orc:2    | Bought a +6 ring of intelligence for 540 gold pieces
 23074 | Orc:1    | Offered knowledge of Lee's Rapid Deconstruction by Vehumet.
 24289 | D:12     | Found Tys Xur's Weapon Emporium.
 25113 | D:13     | Found a gate to the Vaults.
 25476 | D:13     | Reached skill level 15 in Conjurations
 26177 | D:13     | Found a blossoming altar of Fedhas.
 27285 | D:13     | Offered knowledge of Plasma Beam by Vehumet.
 27295 | D:13     | Learned a level 6 spell: Plasma Beam
 27890 | D:14     | Noticed Frances
 27933 | D:14     | You fall into a shaft and drop 1 floor!
 27933 | D:15     | Entered Level 15 of the Dungeon
 27990 | D:14     | Killed Frances
 28140 | D:14     | Noticed Nessos
 28142 | D:14     | Killed Nessos
 28224 | D:14     | Noticed Lodul
 28230 | D:14     | Killed Lodul
 28452 | D:14     | Reached skill level 10 in Fire Magic
 28452 | D:14     | Reached XP level 16. HP: 65/111 MP: 29/29
 29273 | D:15     | Found a white marble altar of Elyvilon.
 30202 | D:15     | Found a staircase to the Depths.
 31010 | D:11     | Noticed Grum
 31013 | D:11     | Killed Grum
 31157 | D:11     | Upgraded the game from 0.31-a0-217-g58bb5d79cf to
                  | 0.31-a0-219-g8d62b2e7bb
 31360 | Shoals:1 | Entered Level 1 of the Shoals
 31668 | Shoals:1 | Offered knowledge of Leda's Unmaking by Vehumet.
 31673 | Shoals:1 | Noticed Jorgrun
 31677 | Shoals:1 | Killed Jorgrun
 33095 | Shoals:2 | Noticed a kraken
 33146 | Shoals:2 | Reached skill level 15 in Fire Magic
 33146 | Shoals:2 | Reached XP level 17. HP: 43/117 MP: 20/30
 33389 | Shoals:2 | Killed a kraken
 34242 | Shoals:2 | Upgraded the game from 0.31-a0-219-g8d62b2e7bb to
                  | 0.31-a0-221-gbddc013574
 34283 | Shoals:3 | Noticed Aizul
 34298 | Shoals:3 | Killed Aizul
 34554 | Shoals:3 | Upgraded the game from 0.31-a0-221-gbddc013574 to
                  | 0.31-a0-222-gefeffbb62a
 34695 | Shoals:3 | Identified the ring "Upoqu" {rElec Will+ MP+9 Int+4}
 34710 | Shoals:3 | Noticed Roxanne
 34942 | Shoals:3 | Killed Roxanne
 35363 | Shoals:3 | Offered knowledge of Conjure Ball Lightning by Vehumet.
 35370 | Shoals:3 | Noticed Polyphemus
 35378 | Shoals:3 | Killed Polyphemus
 35687 | Shoals:3 | Found a transporter.
 35708 | Shoals:3 | Learned a level 6 spell: Statue Form
 35726 | Shoals:3 | Noticed 2FriedEggs's ghost (adept GnMo)
 35790 | Shoals:3 | Found a transporter.
 35846 | Shoals:4 | Entered Level 4 of the Shoals
 35973 | Shoals:4 | Reached skill level 1 in Earth Magic
 36307 | Shoals:4 | Found a stormy altar of Qazlal.
 36499 | Shoals:4 | Paralysed by an air elemental for 1 turns
 36687 | Shoals:4 | Reached skill level 5 in Transmutations
 37077 | Shoals:4 | Reached skill level 5 in Earth Magic
 37275 | Shoals:4 | Reached XP level 18. HP: 122/122 MP: 29/31
 37425 | Shoals:4 | Got a barnacled rune of Zot
 37722 | Elf:1    | Entered Level 1 of the Elven Halls
 37815 | Elf:1    | Offered knowledge of Starburst by Vehumet.
 38074 | Elf:1    | Learned a level 5 spell: Lee's Rapid Deconstruction
 38470 | Elf:1    | Noticed MrSquiggles's ghost (adept TrAr)
 38472 | Elf:1    | Found a runed translucent door.
 38644 | Elf:1    | Got the Precepts of the Union
 39524 | Elf:2    | Paralysed by an air elemental for 1 turns
 39965 | Elf:2    | Found a runed translucent gate.
 39965 | Elf:2    | Found a runed translucent gate.
 39965 | Elf:2    | Found a runed translucent gate.
 40033 | Elf:3    | Entered Level 3 of the Elven Halls
 40398 | Elf:3    | Reached ****** piety under Vehumet
 40408 | Elf:3    | Reached skill level 10 in Transmutations
 40426 | Elf:3    | Noticed a deep elf blademaster
 40429 | Elf:3    | Killed a deep elf blademaster
 40643 | Elf:3    | Reached skill level 10 in Earth Magic
 40650 | Elf:3    | Identified the +0 chain mail of Words of Power {rC+ SInv}
 40650 | Elf:3    | Noticed a deep elf master archer
 40798 | Elf:3    | Killed a deep elf master archer
 40799 | Elf:3    | Reached XP level 19. HP: 99/127 MP: 32/32
 40997 | Elf:3    | Identified the ring "Owidd" {rElec rC+ rN+ Dex+2}
 41094 | Elf:3    | Offered knowledge of Lehudib's Crystal Spear by Vehumet.
 41094 | Elf:3    | Offered knowledge of Fire Storm by Vehumet.
 41094 | Elf:3    | Offered knowledge of Shatter by Vehumet.
 41611 | Elf:3    | Found Nautwel's Tremendous Tomes.
 41770 | Elf:3    | Reached skill level 10 in Spellcasting
 41984 | Elf:3    | Identified the +1 leather armour of Lust {Harm rC+}
 42314 | Elf:3    | Found the +2 ratskin cloak {*Rats rPois rN+ Str-1 Int-1
                  | Dex+1}
 42362 | Elf:3    | Identified the +0 pair of boots "Ryriest" {-Cast Rampage
                  | rPois Dex+5}
 42871 | Lair:3   | Killed AwFulAwFulPlayer's ghost
 43081 | Lair:3   | Got the ring of the Orange Skies {Fire rElec rPois Str+2
                  | Dex-4}
 43649 | D:8      | Killed superbruh's ghost
 43746 | D:8      | Bought a potion of invisibility for 272 gold pieces
 44141 | Spider:1 | Entered Level 1 of the Spider Nest
 45987 | Spider:2 | Noticed Arachne
 45992 | Spider:2 | Killed Arachne
 46279 | Spider:1 | Learned a level 9 spell: Fire Storm
 47880 | Spider:3 | Noticed Mara
 47908 | Spider:3 | Noticed TittyCrusher's illusion
 47908 | Spider:3 | Killed Mara
 48291 | Spider:3 | Noticed Agnes
 48294 | Spider:3 | Killed Agnes
 48295 | Spider:3 | Reached XP level 20. HP: 134/134 MP: 36/36
 48703 | Spider:3 | Noticed Kirke
 48706 | Spider:3 | Killed Kirke
 48866 | Spider:4 | Entered Level 4 of the Spider Nest
 49549 | Spider:4 | pooppin
 50241 | Spider:4 | Found the +2 pair of slick slippers {slick, slippery, EV+4}
 50262 | Spider:4 | Found the +3 Mad Mage's Maulers {Infuse+∞ VampMP -Cast}
 50266 | Spider:4 | Got a gossamer rune of Zot
 50586 | Vaults:1 | Entered Level 1 of the Vaults
 51277 | Vaults:1 | Noticed Asterion
 51279 | Vaults:1 | Killed Asterion
 52862 | Vaults:2 | Reached XP level 21. HP: 139/139 MP: 37/37
 52898 | Vaults:2 | Noticed Bai Suzhen
 52904 | Vaults:2 | Killed Bai Suzhen
 53744 | Vaults:2 | Noticed Frederick
 53747 | Vaults:2 | Killed Frederick
 53859 | Vaults:2 | Found Nustew Nena's Weapon Boutique.
 54263 | Vaults:2 | Identified the +1 kite shield of Surprise {+Inv Fly rPois
                  | Str+3}
 54360 | Vaults:2 | Identified the +9 broad axe "Qemonaegac" {venom, *Rage
                  | rPois Int+5}
 55766 | Vaults:3 | Noticed Boris
 55769 | Vaults:3 | Killed Boris
 55986 | Vaults:3 | Found a staircase to the Crypt.
 56656 | Vaults:4 | Reached XP level 22. HP: 146/146 MP: 38/38
 56874 | Vaults:4 | Found Bannurr's General Store.
 56925 | Vaults:4 | Noticed Margery
 56929 | Vaults:4 | Killed Margery
 58275 | Crypt:1  | Entered Level 1 of the Crypt
 59597 | Crypt:2  | Reached XP level 23. HP: 159/161 MP: 39/39
 59815 | Crypt:2  | Noticed a dread lich
 59818 | Crypt:2  | Killed a dread lich
 60955 | Crypt:3  | Entered Level 3 of the Crypt
 61649 | Crypt:3  | Identified the +1 leather armour of Hycyecke {Rampage rPois
                  | rN+ Int+4}
 62063 | Crypt:3  | Found a staircase to the Tomb.
 62223 | Crypt:3  | Found a basalt altar of Yredelemnul.
 62228 | Crypt:3  | Noticed a dread lich
 62231 | Crypt:3  | Killed a dread lich
 62236 | Crypt:3  | Found the dreamshard necklace {Acrobat *Dream}
 62872 | Crypt:3  | Identified the +3 shortbow of the Beast {flame, Fly rF-
                  | rCorr Stlth+}
 63312 | Elf:1    | Learned a level 4 spell: Passage of Golubria
 63316 | Elf:1    | Killed MrSquiggles's ghost
 63659 | Shoals:3 | Found a bloodstained altar of Trog.
 63680 | Shoals:3 | Killed 2FriedEggs's ghost
 64697 | Orc:2    | Bought a scroll of amnesia for 60 gold pieces
 64697 | Orc:2    | Bought a potion of lignification for 45 gold pieces
 65328 | Depths:1 | Entered Level 1 of the Depths
 65331 | Depths:1 | Reached XP level 24. HP: 167/167 MP: 39/39
 65908 | Depths:1 | Identified the amulet of Zoazeo {rC+ Regen+}
 66010 | Depths:1 | Found a one-way gate to the infinite horrors of the Abyss.
 66554 | Depths:1 | Found a gateway to Hell.
 66781 | Depths:1 | Noticed a caustic shrike
 66781 | Depths:1 | Noticed a caustic shrike
 66783 | Depths:1 | Killed a caustic shrike
 66783 | Depths:1 | Killed a caustic shrike
 66993 | Depths:1 | Noticed Nikola
 66995 | Depths:1 | Killed Nikola
 67122 | Depths:2 | Found an opulent altar of Gozag.
 67387 | Depths:2 | You fall into a shaft and drop 2 floors!
 67387 | Depths:4 | Entered Level 4 of the Depths
 67387 | Depths:4 | Found a one-way gateway to a ziggurat.
 67659 | Depths:3 | Noticed a caustic shrike
 67659 | Depths:3 | Noticed a caustic shrike
 67661 | Depths:3 | Noticed a caustic shrike
 67662 | Depths:3 | Killed a caustic shrike
 67743 | Depths:4 | Found a one-way gate leading to the halls of Pandemonium.
 67963 | Depths:4 | Noticed Boris
 67965 | Depths:4 | Killed Boris
 68087 | Depths:4 | Found a gate to the Realm of Zot.
 68575 | Depths:4 | Found a shimmering altar of Xom.
 68955 | Depths:4 | Found a shimmering blue altar of Sif Muna.
 68992 | Depths:4 | Acquired the -1 hat of Gestures {Harm}
 69010 | Zig:1    | Entered Level 1 of a ziggurat
 69027 | Zig:2    | Entered Level 2 of a ziggurat
 69043 | Zig:3    | Entered Level 3 of a ziggurat
 69110 | Zig:3    | Got the Lectures on the Mantle and the Bonfire
 69113 | Zig:4    | Entered Level 4 of a ziggurat
 69291 | Zig:5    | Entered Level 5 of a ziggurat
 69307 | Zig:5    | Identified the +5 halberd "Orb Guardian's Bane" {speed,
                  | rPois}
 69321 | Zig:6    | Entered Level 6 of a ziggurat
 69328 | Zig:6    | Reached XP level 25. HP: 172/172 MP: 40/40
 69360 | Zig:6    | Got Sif Muna's Anthology of Fumes
 69368 | Zig:7    | Entered Level 7 of a ziggurat
 69439 | Zig:7    | Learned a level 9 spell: Shatter
 69441 | Zig:8    | Entered Level 8 of a ziggurat
 69447 | Zig:8    | Noticed an ancient lich
 69449 | Zig:8    | Killed an ancient lich
 69486 | Zig:9    | Entered Level 9 of a ziggurat
 69543 | Zig:9    | Found the +8 arc blade {discharge, rElec}
 69557 | Zig:9    | Got Saidun's Tome of Radiant Evolution
 69567 | Zig:10   | Entered Level 10 of a ziggurat
 69631 | Zig:11   | Entered Level 11 of a ziggurat
 69642 | Zig:11   | Noticed a shard shrike
 69642 | Zig:11   | Noticed a shard shrike
 69643 | Zig:11   | Killed a shard shrike
 69643 | Zig:11   | Killed a shard shrike
 69643 | Zig:11   | Killed a shard shrike
 69670 | Zig:11   | Got Sif Muna's Folio of Pyromancy
 69674 | Zig:11   | Identified the +7 flail "Laukoideni" {venom, rElec Int+7
                  | Stlth-}
 69688 | Zig:11   | Learned a level 8 spell: Necromutation
 69692 | Zig:12   | Entered Level 12 of a ziggurat
 69712 | Zig:12   | Found the +7 great mace "Firestarter" {flame, immolate,
                  | rFlCloud rF++}
 69741 | Zig:12   | Identified the amulet of the Pure Wars {Faith Drain Will++
                  | Dex+3}
 69753 | Zig:13   | Entered Level 13 of a ziggurat
 69834 | Zig:13   | Identified the +4 scale mail of Recklessness {Fly rC+
                  | Stlth+}
 69838 | Zig:13   | Identified the amulet of the Skies Above {+Inv Regen+
                  | Int+4}
 69879 | Zig:13   | Lost mutation: You are somewhat resistant to further
                  | mutation. [potion of mutation]
 69879 | Zig:13   | Lost mutation: You have a pair of small antennae on your
                  | head. [potion of mutation]
 69879 | Zig:13   | Gained mutation: You possess an exceptional clarity of
                  | mind. [potion of mutation]
 69879 | Zig:13   | Gained mutation: Your mind is acute. (Int +4, Str/Dex -1)
                  | [potion of mutation]
 69889 | Zig:14   | Entered Level 14 of a ziggurat
 69899 | Zig:14   | Noticed Aroaffuy the pandemonium lord
 69901 | Zig:14   | Noticed Zupattut the pandemonium lord
 69901 | Zig:14   | Noticed a Killer Klown
 69902 | Zig:14   | Killed a Killer Klown
 69903 | Zig:14   | Killed Aroaffuy the pandemonium lord
 69905 | Zig:14   | Noticed a Killer Klown
 69910 | Zig:14   | Killed Zupattut the pandemonium lord
 69914 | Zig:14   | Noticed Xeimmeeg the pandemonium lord
 69915 | Zig:14   | Killed a Killer Klown
 69916 | Zig:14   | Killed Xeimmeeg the pandemonium lord
 69916 | Zig:14   | Killed Exomn the pandemonium lord
 69917 | Zig:14   | Noticed a Killer Klown
 69918 | Zig:14   | Killed a Killer Klown
 69931 | Zig:14   | Found the +6 arbalest "Damnation" {damnation}
 69946 | Zig:14   | Identified the staff "Vocobisi" {Contam rC+ Will- rCorr
                  | MP+9 Ice}
 69952 | Zig:14   | Reached XP level 26. HP: 179/179 MP: 41/41
 69971 | Zig:14   | Identified the +7 sling "Xih Oteu" {speed, rN+ Int+2}
 69972 | Zig:14   | Identified the +5 halberd "Zungis" {freeze, rC+}
 69987 | Zig:15   | Entered Level 15 of a ziggurat
 69996 | Zig:15   | Noticed a shard shrike
 69997 | Zig:15   | Killed a shard shrike
 69997 | Zig:15   | Killed a shard shrike
 69998 | Zig:15   | Reached XP level 27. HP: 184/184 MP: 41/41
 70000 | Zig:15   | Noticed a dread lich
 70002 | Zig:15   | Killed a dread lich
 70019 | Zig:15   | Found the +8 trishula "Condemnation" {holy, anguish, *Noise
                  | Fly rN+}
 70028 | Zig:15   | Got the Almanac of Overcast Gloom
 70039 | Zig:15   | Identified the +3 buckler of Delicate Amelioration {rN+
                  | Int+2}
 70047 | Zig:15   | Identified the staff "Ocym" {rElec rC+ rN+ Str-5 Dex+3 Ice}
 70053 | Zig:15   | Identified the staff "Plog" {rElec rF+ Int+5 Dex-4 Conj
                  | Air}
 70081 | Zig:16   | Entered Level 16 of a ziggurat
 70148 | Zig:16   | Found the +12 pair of quick blades "Gyre" and "Gimble"
                  | {protect}
 70164 | Zig:16   | Identified the +4 sling "Ateh" {antimagic, Fragile rN+
                  | Int+5 Dex-2}
 70167 | Zig:16   | Identified the ring of Vuic {rF+ EV+5}
 70195 | Zig:16   | Identified the +2 sling "Xyck" {heavy, Str+3 SInv}
 70198 | Zig:16   | Identified the ring "Goylet" {Will+ Dex+3}
 70203 | Zig:17   | Entered Level 17 of a ziggurat
 70368 | Zig:17   | Identified the +0 buckler of Kiukk {SInv Stlth+}
 70383 | Zig:18   | Entered Level 18 of a ziggurat
 70403 | Zig:18   | Noticed an ancient lich
 70403 | Zig:18   | Noticed an ancient lich
 70405 | Zig:18   | Reached skill level 15 in Earth Magic
 70405 | Zig:18   | Killed an ancient lich
 70405 | Zig:18   | Killed an ancient lich
 70406 | Zig:18   | Killed a dread lich
 70407 | Zig:18   | Noticed a dread lich
 70410 | Zig:18   | Killed a dread lich
 70497 | Zig:19   | Entered Level 19 of a ziggurat
 70505 | Zig:19   | Noticed a juggernaut
 70508 | Zig:19   | Killed a juggernaut
 70530 | Zig:19   | Found the +18 shield of the Gong {Loud rN+ Will+ rCorr
                  | EV-5}
 70531 | Zig:19   | Found the +9 staff of Olgreb {rPois∞}
 70552 | Zig:19   | Identified the +4 short sword "Kunisa" {elec, Fragile rPois
                  | rN+++ Int-4}
 70562 | Zig:19   | Identified the +0 ring mail "Doyr" {Harm}
 70564 | Zig:19   | Identified the +0 pair of boots of Somewhere Else {rCorr
                  | Int+3}
 70584 | Zig:20   | Entered Level 20 of a ziggurat
 70657 | Zig:20   | Identified the ring of Sif Muna's Vengeance {Will+ Dex+6}
 70706 | Zig:20   | Learned a level 8 spell: Disjunction
 70708 | Zig:21   | Entered Level 21 of a ziggurat
 70730 | Zig:21   | Noticed a juggernaut
 70731 | Zig:21   | Noticed a juggernaut
 70732 | Zig:21   | Noticed a juggernaut
 70732 | Zig:21   | Noticed a juggernaut
 70732 | Zig:21   | Killed a juggernaut
 70733 | Zig:21   | Killed a juggernaut
 70733 | Zig:21   | Noticed a juggernaut
 70733 | Zig:21   | Noticed a juggernaut
 70735 | Zig:21   | Killed a juggernaut
 70735 | Zig:21   | Noticed a juggernaut
 70735 | Zig:21   | Noticed a juggernaut
 70736 | Zig:21   | Reached skill level 5 in Translocations
 70736 | Zig:21   | Killed a juggernaut
 70736 | Zig:21   | Killed a juggernaut
 70736 | Zig:21   | Killed a juggernaut
 70736 | Zig:21   | Noticed a juggernaut
 70737 | Zig:21   | Killed a juggernaut
 70739 | Zig:21   | Killed a juggernaut
 70739 | Zig:21   | Killed a juggernaut
 70747 | Zig:21   | Found the +16 obsidian axe {drain, demonic, Mesm Drain Fly
                  | SInv}
 70773 | Zig:21   | Identified the +1 eveningstar of the Heavens {heavy, rC+
                  | rN+ Will- Stlth+}
 70802 | Zig:21   | Identified the +0 robe of Complete Protection {Int+2 Dex+2}
 70812 | Zig:22   | Entered Level 22 of a ziggurat
 70836 | Zig:22   | Reached skill level 10 in Translocations
 70864 | Zig:22   | Found the +8 autumn katana {manifold assault}
 70873 | Zig:22   | Identified the staff "Xaciarr" {rC+ Dex+3 Ice}
 70874 | Zig:22   | Identified the ring of Viulup {MP+9 Int+2}
 70889 | Zig:22   | Got Sif Muna's Vellum of the Scintillating Snake
 70921 | Zig:23   | Entered Level 23 of a ziggurat
 70936 | Zig:23   | Noticed a juggernaut
 70939 | Zig:23   | Killed a juggernaut
 70939 | Zig:23   | Noticed a juggernaut
 70939 | Zig:23   | Noticed a juggernaut
 70941 | Zig:23   | Killed a juggernaut
 70941 | Zig:23   | Noticed a juggernaut
 70942 | Zig:23   | Noticed a juggernaut
 70943 | Zig:23   | Noticed a juggernaut
 70943 | Zig:23   | Killed a juggernaut
 70944 | Zig:23   | Killed a juggernaut
 70944 | Zig:23   | Killed a juggernaut
 70946 | Zig:23   | Killed a juggernaut
 70965 | Zig:23   | Noticed a juggernaut
 70968 | Zig:23   | Killed a juggernaut
 70989 | Zig:23   | Identified the ring of Conversion {rF+ rC+ rN+ Dex+6}
 71013 | Zig:23   | Identified the +7 spear "Kotsilay" {freeze, rC+ Int+3}
 71015 | Zig:23   | Identified the ring "Bufoich" {Str+6 Int+3}
 71039 | Zig:23   | Identified the staff "Riuju" {rN+ Str+2 Necro}
 71106 | Zig:24   | Entered Level 24 of a ziggurat
 71130 | Zig:24   | Reached skill level 10 in Dodging
 71176 | Zig:24   | Identified the ring of Makhleb's Condemnation {Will+ rCorr
                  | SInv}
 71181 | Zig:24   | Identified the +10 double sword "Mavuotiy" {venom, *Corrode
                  | rElec Dex+3 SInv}
 71186 | Zig:24   | Identified the +5 whip "Wocurph" {flame, *Noise Int+5
                  | Dex+5}
 71202 | Zig:24   | Identified the +0 plate armour of Free Will {rElec rN+
                  | Int-5}
 71210 | Zig:24   | Got the Folio of Crystalline Skeletons
 71231 | Zig:25   | Entered Level 25 of a ziggurat
 71281 | Zig:25   | Reached skill level 15 in Dodging
 71313 | Zig:25   | Identified the ring of Ogacacs {rF+ rCorr Dex+3}
 71314 | Zig:25   | Identified the +8 whip of Jiokli {vamp, +Blink}
 71323 | Zig:25   | Identified the ring of Ashenzari's Hatred {rF- rCorr Int+6
                  | Dex+3}
 71331 | Zig:25   | Identified the amulet "Luocseaf" {Spirit rN+}
 71336 | Zig:25   | Got the Volume of Gathered Effluvium
 71355 | Zig:26   | Entered Level 26 of a ziggurat
 71372 | Zig:26   | Noticed a royal mummy
 71375 | Zig:26   | Killed a royal mummy
 71381 | Zig:26   | Noticed a royal mummy
 71382 | Zig:26   | Noticed a royal mummy
 71382 | Zig:26   | Noticed a royal mummy
 71383 | Zig:26   | Noticed a royal mummy
 71398 | Zig:26   | Killed a royal mummy
 71398 | Zig:26   | Killed a royal mummy
 71399 | Zig:26   | Reached skill level 15 in Spellcasting
 71399 | Zig:26   | Killed a royal mummy
 71399 | Zig:26   | HP: 3/184 [royal mummy/divine providence (15)]
 71399 | Zig:26   | Noticed a royal mummy
 71401 | Zig:26   | Killed a royal mummy
 71401 | Zig:26   | Killed a royal mummy
 71423 | Zig:26   | Noticed a royal mummy
 71425 | Zig:26   | Killed a royal mummy
 71426 | Zig:26   | Noticed a royal mummy
 71428 | Zig:26   | Killed a royal mummy
 71428 | Zig:26   | Noticed a royal mummy
 71428 | Zig:26   | Noticed a royal mummy
 71430 | Zig:26   | Killed a royal mummy
 71430 | Zig:26   | Killed a royal mummy
 71432 | Zig:26   | Noticed a royal mummy
 71433 | Zig:26   | Killed a royal mummy
 71434 | Zig:26   | Killed a royal mummy
 71435 | Zig:26   | Noticed a royal mummy
 71437 | Zig:26   | Killed a royal mummy
 71664 | Zig:26   | Identified the +1 ring mail of Inference {rPois Int+7}
 71668 | Zig:26   | Identified the +7 trident "Jitanaz" {freeze, rPois Str+5
                  | Dex-3 SInv}
 71685 | Zig:26   | Learned a level 2 spell: Blink
 71690 | Zig:26   | Identified the +10 broad axe "Odghaum" {drain, rC+}
 71692 | Zig:26   | Identified the +1 troll leather armour of the Learner
                  | {rElec rPois Regen+}
 71697 | Zig:26   | Identified the +2 war axe of the Philosopher {heavy, Dex+3}
 71704 | Zig:27   | Entered Level 27 of a ziggurat
 71725 | Zig:27   | Reached skill level 15 in Fighting
 71899 | Zig:27   | Identified the ring of Duogacs {+Blink rF+++ rC- rCorr
                  | Int+2}
 71911 | Zig:27   | Identified the +2 sling "Qomomeul" {speed, rF+ rN++ Int-3}
 71920 | Zig:27   | Got Gell's Monograph on Displacement
 71953 | Zig:1    | Entered Level 1 of a ziggurat
 71966 | Zig:1    | Identified the +3 rapier "Otzidd" {antimagic, Dex+5}
 71974 | Zig:2    | Entered Level 2 of a ziggurat
 71995 | Zig:3    | Entered Level 3 of a ziggurat
 72038 | Zig:4    | Entered Level 4 of a ziggurat
 72080 | Zig:5    | Entered Level 5 of a ziggurat
 72104 | Zig:5    | Identified the +1 ring mail "Heeqit" {rF+}
 72114 | Zig:6    | Entered Level 6 of a ziggurat
 72153 | Zig:6    | Identified the +4 broad axe of Locus Delicti {flame, Fly
                  | Will+}
 72156 | Zig:6    | Identified the +4 broad axe "Rifimp" {flame, Will+}
 72169 | Zig:7    | Entered Level 7 of a ziggurat
 72205 | Zig:7    | Identified the orb of Fresh Beauty {guile, +Blink rF++
                  | Str-2 Slay+4}
 72208 | Zig:7    | Identified the +0 trident "Obiroras" {spect, rElec rF+
                  | Int+5 Dex-5}
 72214 | Zig:8    | Entered Level 8 of a ziggurat
 72219 | Zig:8    | Noticed an ancient lich
 72219 | Zig:8    | Noticed an ancient lich
 72220 | Zig:8    | Killed an ancient lich
 72221 | Zig:8    | Killed an ancient lich
 72260 | Zig:8    | Identified the +5 plate armour of Sixud {Slay+3}
 72261 | Zig:8    | Identified the +4 dagger of Intuition {freeze, Dex+3}
 72277 | Zig:9    | Entered Level 9 of a ziggurat
 72319 | Zig:9    | Identified the +7 plate armour "Kyhuhymp" {Dex+2}
 72322 | Zig:9    | Identified the +5 falchion of Res Ipsa Loquitur {heavy, Fly
                  | rF+}
 72337 | Zig:10   | Entered Level 10 of a ziggurat
 72343 | Zig:10   | Noticed a dread lich
 72344 | Zig:10   | Killed a dread lich
 72345 | Zig:10   | Killed a dread lich
 72359 | Zig:10   | Identified the +4 scimitar of Mastery {flame, Stlth+}
 72383 | Zig:11   | Entered Level 11 of a ziggurat
 72437 | Zig:11   | Identified the +6 tower shield "Hymyucav" {Drain Str+4}
                  | (You took it off a daeva on level 11 of a ziggurat)
 72451 | Zig:12   | Entered Level 12 of a ziggurat
 72462 | Zig:12   | Reached skill level 10 in Shields
 72478 | Zig:12   | Identified the +5 hand crossbow of Qoexogru {heavy, rElec
                  | rPois rF++ Int-2}
 72490 | Zig:12   | Identified the ring "Nofex" {rPois rF- Str+7 Int+6 Dex+3}
 72491 | Zig:12   | Acquired 1048 gold pieces
 72498 | Zig:13   | Entered Level 13 of a ziggurat
 72505 | Zig:13   | Noticed a dread lich
 72509 | Zig:13   | Killed a dread lich
 72511 | Zig:13   | Killed an ancient lich
 72524 | Zig:13   | Found the necklace of Bloodlust {Fury *Rage Will++ Int-3
                  | Slay+6}
 72531 | Zig:13   | Identified the +3 ring mail of Hadjma {Int+3}
 72543 | Zig:13   | Got the Grimoire of the Assembled Lungs
 72554 | Zig:13   | Identified the +8 spear "Nexuvvis" {flame, *Corrode rElec
                  | rN+}
 72562 | Zig:14   | Entered Level 14 of a ziggurat
 72598 | Zig:14   | Identified the ring "Weneal" {Wiz rPois Str+2 Dex-5}
 72602 | Zig:14   | Identified the +1 falchion of Success {flame, rC++}
 72605 | Zig:14   | Identified the staff of a ziggurat {rN+ Str+2 Necro}
 72614 | Zig:14   | Identified the +4 longbow of Jarph {flame, rF+}
 72617 | Zig:14   | Identified the ring "Pekivy" {EV+5 Dex+2}
 72627 | Zig:14   | Identified the +7 hand axe of Blood-Lust {flame, rC+}
 72639 | Zig:15   | Entered Level 15 of a ziggurat
 72806 | Zig:15   | Identified the +5 great sword "Coilog" {spect, rF++ Str+2}
 72814 | Zig:15   | Identified the +1 leather armour "Zifoomis" {Drain rPois
                  | Str+3 Slay+2}
 72828 | Zig:16   | Entered Level 16 of a ziggurat
 72856 | Zig:16   | Found the ring of the Octopus King
 72857 | Zig:16   | Found the amulet of the Four Winds {rN+ Will+++ Clar}
 72881 | Zig:16   | Identified the staff of Urgency {Will++ Stlth+ Conj}
 72889 | Zig:16   | Identified a ring of the Octopus King {Fly HP+2 AC+2 EV+2
                  | SH+2}
 72896 | Zig:16   | Identified the +9 hand axe of Dissolution {flame, rElec
                  | rF+}
 72932 | Zig:17   | Entered Level 17 of a ziggurat
 72943 | Zig:17   | Noticed a dread lich
 72945 | Zig:17   | Killed a dread lich
 72945 | Zig:17   | Noticed a dread lich
 72946 | Zig:17   | Killed a dread lich
 72947 | Zig:17   | Reached skill level 5 in Evocations
 72948 | Zig:17   | Noticed an ancient lich
 72950 | Zig:17   | Killed an ancient lich
 72950 | Zig:17   | Noticed an ancient lich
 72951 | Zig:17   | Killed an ancient lich
 72952 | Zig:17   | Noticed an ancient lich
 72953 | Zig:17   | Killed an ancient lich
 72954 | Zig:17   | Noticed an ancient lich
 72957 | Zig:17   | Killed an ancient lich
 72958 | Zig:17   | Reached skill level 10 in Evocations
 72963 | Zig:17   | Found the +27 heavy crossbow "Sniper" {heavy, Acc+∞ SInv}
 72986 | Zig:17   | Identified the ring "Ynetrol" {Ice Will+}
 73002 | Zig:17   | Identified the ring "Yrok" {AC+4 Str+3}
 73036 | Zig:17   | Learned a level 7 spell: Storm Form
 73044 | Zig:17   | Learned a level 2 spell: Wereblood
 73054 | Zig:17   | Learned a level 8 spell: Borgnjor's Revivification
 73055 | Zig:18   | Entered Level 18 of a ziggurat
 73069 | Zig:18   | Reached skill level 5 in Unarmed Combat
 73073 | Zig:18   | Reached skill level 10 in Unarmed Combat
 73091 | Zig:18   | Found the +1 cloak of Starlight {*Dazzle EV+4 Stlth--}
 73108 | Zig:18   | Identified the ring of Teqaydos {rN+ Int+6 Dex-4 Stlth+}
 73141 | Zig:18   | Identified the staff of Doom {rC+ Str+7 Ice}
 73149 | Zig:19   | Entered Level 19 of a ziggurat
 73157 | Zig:19   | Noticed EricTams's ghost (veteran MiBe)
 73159 | Zig:19   | Noticed Viugiw's ghost (legendary TeBe)
 73160 | Zig:19   | Noticed Qeilemp's ghost (legendary HOFi)
 73161 | Zig:19   | Killed Viugiw's ghost
 73161 | Zig:19   | Noticed Likado's ghost (legendary GnSk)
 73161 | Zig:19   | Noticed strangelove's ghost (master GrEE)
 73173 | Zig:19   | Killed Qeilemp's ghost
 73175 | Zig:19   | Killed strangelove's ghost
 73176 | Zig:19   | Killed Totuz's ghost
 73177 | Zig:19   | Killed Likado's ghost
 73178 | Zig:19   | Noticed frimble's ghost (legendary OpWr)
 73180 | Zig:19   | Killed frimble's ghost
 73180 | Zig:19   | Killed jasper's ghost
 73180 | Zig:19   | Killed Alysiarr's ghost
 73181 | Zig:19   | Reached skill level 15 in Unarmed Combat
 73181 | Zig:19   | Killed Zonian's ghost
 73182 | Zig:19   | Noticed TittyCrusher's ghost (legendary DrTm)
 73183 | Zig:19   | Killed TittyCrusher's ghost
 73183 | Zig:19   | Killed Dameikh's ghost
 73184 | Zig:19   | Noticed TittyCrusher's ghost (legendary OpTm)
 73186 | Zig:19   | Killed TittyCrusher's ghost
 73201 | Zig:19   | Identified the +5 glaive "Laruom" {elec, *Slow +Blink
                  | Str+2}
 73206 | Zig:19   | Identified the +3 triple crossbow of Udouwym {flame, Drain
                  | rPois rN+ Will+}
 73230 | Zig:19   | Identified the amulet "Fuoffax" {Reflect rElec rC++ SH+5}
 73236 | Zig:20   | Entered Level 20 of a ziggurat
 73243 | Zig:20   | Noticed Ziguatag the pandemonium lord
 73243 | Zig:20   | Noticed Zewaun the pandemonium lord
 73244 | Zig:20   | Noticed Reotacye the pandemonium lord
 73250 | Zig:20   | Killed Ziguatag the pandemonium lord
 73251 | Zig:20   | Noticed Pesootaf the pandemonium lord
 73254 | Zig:20   | Killed Pesootaf the pandemonium lord
 73257 | Zig:20   | Noticed Wuawoovin the pandemonium lord
 73259 | Zig:20   | Killed Reotacye the pandemonium lord
 73259 | Zig:20   | Killed Zewaun the pandemonium lord
 73261 | Zig:20   | Killed Wuawoovin the pandemonium lord
 73261 | Zig:20   | Noticed Vontiogu the pandemonium lord
 73262 | Zig:20   | Killed Caemerpho the pandemonium lord
 73263 | Zig:20   | Killed Ticvya the pandemonium lord
 73264 | Zig:20   | Noticed Attar the pandemonium lord
 73265 | Zig:20   | Killed Vontiogu the pandemonium lord
 73266 | Zig:20   | Killed Attar the pandemonium lord
 73267 | Zig:20   | Noticed Xikhlomol the pandemonium lord
 73268 | Zig:20   | Killed Xikhlomol the pandemonium lord
 73271 | Zig:20   | Killed Nefiysk the pandemonium lord
 73273 | Zig:20   | Noticed Xamukhan the pandemonium lord
 73273 | Zig:20   | Noticed Warrel the pandemonium lord
 73274 | Zig:20   | Killed Xamukhan the pandemonium lord
 73275 | Zig:20   | Killed Warrel the pandemonium lord
 73277 | Zig:20   | Noticed Qana the pandemonium lord
 73278 | Zig:20   | Killed Qana the pandemonium lord
 73295 | Zig:20   | Identified the +6 sling of Watchfulness {antimagic, +Blink
                  | Int+3}
 73298 | Zig:20   | Identified the +0 flail "Nahoqeec" {elec, rCorr Str-4
                  | Dex+4}
 73299 | Zig:20   | Identified the ring "Folutyde" {SInv Stlth+}
 73304 | Zig:20   | Identified the ring "Wiwnumol" {rElec rC+ Will+ Str-3}
 73315 | Zig:20   | Identified the ring of Lust {*Slow rElec Will+++ rCorr
                  | SInv}
 73321 | Zig:21   | Entered Level 21 of a ziggurat
 73344 | Zig:21   | Noticed Diulaur the pandemonium lord
 73349 | Zig:21   | Killed Diulaur the pandemonium lord
 73372 | Zig:21   | Identified the +4 battleaxe "Defofem" {drain, Int+2 Dex+5}
 73378 | Zig:21   | Identified the +10 orcbow "Octopus's Peril" {speed, rC-
                  | rN++ Int+2 Dex+3}
 73388 | Zig:21   | Identified the amulet "Xorghuy Zaoh" {Faith rC- Str+4}
 73389 | Zig:21   | Identified the +8 scimitar of Doopin {holy, Str+2 Int+3}
 73406 | Zig:21   | Identified the ring of the Empty Page {*Corrode rPois rF+++
                  | Str+6 Dex-4}
 73423 | Zig:22   | Entered Level 22 of a ziggurat
 73433 | Zig:22   | Noticed an ancient lich
 73435 | Zig:22   | Noticed an ancient lich
 73436 | Zig:22   | Killed an ancient lich
 73436 | Zig:22   | Killed an ancient lich
 73438 | Zig:22   | Noticed an ancient lich
 73440 | Zig:22   | Killed an ancient lich
 73444 | Zig:22   | Killed an ancient lich
 73469 | Zig:22   | Identified the +5 spear of Contention {heavy, rElec rF+
                  | Int+2 Stlth+}
 73471 | Zig:22   | Identified the +3 leather armour "Puit" {rPois rF- rN+}
 73487 | Zig:22   | Identified the +5 war axe of Baffulli {freeze, Contam rC+
                  | Dex+2}
 73491 | Zig:22   | Identified the ring "Arye" {Wiz Will+ Int+4 SInv}
 73499 | Zig:23   | Entered Level 23 of a ziggurat
 73573 | Zig:23   | Identified the +4 spear of Mauling Death {heavy, +Blink
                  | Str+4}
 73582 | Zig:24   | Entered Level 24 of a ziggurat
 73602 | Zig:24   | Reached skill level 27 in Unarmed Combat
 73622 | Zig:24   | Found the +12 glaive of Prune {freeze, Prune}
 73657 | Zig:24   | Identified the staff "Teenn" {rF+ Int+4 Fire}
 73678 | Zig:25   | Entered Level 25 of a ziggurat
 73724 | Zig:25   | Found the +2 hood of the Assassin {Detect Stab+ Stlth++}
 73731 | Zig:25   | Got the Elucidation of Rationality
 73737 | Zig:25   | Identified the amulet of Eternity {Regen+ Str+4}
 73768 | Zig:26   | Entered Level 26 of a ziggurat
 73787 | Zig:26   | Reached skill level 27 in Fighting
 73823 | Zig:26   | Reached skill level 15 in Transmutations
 73823 | Zig:26   | Reached skill level 10 in Air Magic
 73826 | Zig:26   | Identified the +3 orcbow "Siutsyhy" {elec, rC+ Dex+4
                  | Stlth+}
 73841 | Zig:26   | Identified the +10 scimitar "Gazxusoss" {freeze, rF+ SInv}
 73843 | Zig:26   | Identified the staff "Xuxamiu" {Fly rF+ rCorr Str+3 Fire}
 73854 | Zig:27   | Entered Level 27 of a ziggurat
 73861 | Zig:27   | Noticed Nuyrchon the pandemonium lord
 73876 | Zig:27   | Noticed Jemick the pandemonium lord
 73877 | Zig:27   | Killed Pampaizi the pandemonium lord
 73878 | Zig:27   | Killed Jemick the pandemonium lord
 73878 | Zig:27   | Killed Cuirhan the pandemonium lord
 73879 | Zig:27   | Noticed Reru the pandemonium lord
 73879 | Zig:27   | Noticed Qeiri the pandemonium lord
 73880 | Zig:27   | Killed Qeiri the pandemonium lord
 73880 | Zig:27   | Killed Ijyc the pandemonium lord
 73881 | Zig:27   | Noticed Taastruz the pandemonium lord
 73882 | Zig:27   | Killed Ofafel the pandemonium lord
 73883 | Zig:27   | Killed Reru the pandemonium lord
 73883 | Zig:27   | Killed Wefocaf the pandemonium lord
 73883 | Zig:27   | Killed Taastruz the pandemonium lord
 73883 | Zig:27   | Killed Nuyrchon the pandemonium lord
 73884 | Zig:27   | Noticed Zatul the pandemonium lord
 73884 | Zig:27   | Noticed Cyfae the pandemonium lord
 73884 | Zig:27   | Noticed Gizxul the pandemonium lord
 73884 | Zig:27   | Noticed Zoariho the pandemonium lord
 73885 | Zig:27   | Killed Waistrua the pandemonium lord
 73886 | Zig:27   | Killed Zoariho the pandemonium lord
 73886 | Zig:27   | Killed Zatul the pandemonium lord
 73886 | Zig:27   | Killed Gizxul the pandemonium lord
 73886 | Zig:27   | Noticed Eryites the pandemonium lord
 73886 | Zig:27   | Noticed Uphiann the pandemonium lord
 73886 | Zig:27   | Noticed Ruykaepi the pandemonium lord
 73887 | Zig:27   | Killed Nabria the pandemonium lord
 73888 | Zig:27   | Killed Uphiann the pandemonium lord
 73888 | Zig:27   | Killed Ruykaepi the pandemonium lord
 73888 | Zig:27   | Killed Eryites the pandemonium lord
 73888 | Zig:27   | Noticed Kuocrog the pandemonium lord
 73890 | Zig:27   | Killed Kuocrog the pandemonium lord
 73890 | Zig:27   | Killed Suexzihi the pandemonium lord
 73892 | Zig:27   | Killed Cyfae the pandemonium lord
 73893 | Zig:27   | Noticed Recwoi the pandemonium lord
 73894 | Zig:27   | Killed Recwoi the pandemonium lord
 73898 | Zig:27   | Noticed Acviyr the pandemonium lord
 73899 | Zig:27   | Killed Rogh the pandemonium lord
 73900 | Zig:27   | Reached skill level 15 in Air Magic
 73900 | Zig:27   | Killed Acviyr the pandemonium lord
 73901 | Zig:27   | Noticed Ebiullum the pandemonium lord
 73903 | Zig:27   | Killed Ebiullum the pandemonium lord
 73929 | Zig:27   | Identified the amulet "Couzeimen" {Spirit Harm *Slow Will+}
 73932 | Zig:27   | Identified the staff "Tocogrerch" {Str+5 Necro Earth}
 73945 | Zig:27   | Identified the +7 great sword of Makhleb's Supremacy
                  | {drain, Fragile rC++ Int+3 Dex+2}
 73964 | Zig:27   | Identified the +0 leather armour of Deshrisua {rN+ Int+3
                  | Slay+3}
 74095 | Depths:4 | Upgraded the game from 0.31-a0-222-gefeffbb62a to
                  | 0.31-a0-229-g1fc7ce93e2
 74152 | Zig:1    | Entered Level 1 of a ziggurat
 74172 | Zig:2    | Entered Level 2 of a ziggurat
 74176 | Zig:2    | Noticed Gagg the pandemonium lord
 74180 | Zig:2    | Killed Gagg the pandemonium lord
 74277 | Zig:3    | Entered Level 3 of a ziggurat
 74307 | Zig:4    | Entered Level 4 of a ziggurat
 74314 | Zig:4    | Found the +8 storm bow {elec, penet}
 74345 | Zig:5    | Entered Level 5 of a ziggurat
 74362 | Zig:5    | Identified the staff of the Harvest {rElec rC+ rCorr Ice}
 74381 | Zig:6    | Entered Level 6 of a ziggurat
 74387 | Zig:6    | Noticed Zocy the pandemonium lord
 74389 | Zig:6    | Killed Zocy the pandemonium lord
 74405 | Zig:6    | Identified the ring of Rilyrphue {rC+ Str+5 Int+3 Dex+3
                  | Slay-2}
 74407 | Zig:6    | Identified the ring of the Scarab {Ice rElec Str+8}
 74424 | Zig:7    | Entered Level 7 of a ziggurat
 74499 | Zig:8    | Entered Level 8 of a ziggurat
 74529 | Zig:8    | Reached skill level 5 in Ranged Weapons
 74539 | Zig:8    | Identified the ring of Disaster {Fire *Corrode rN+ Str+3
                  | Int+3}
 74550 | Zig:8    | Identified the +1 troll leather armour of Sloth {Regen+
                  | Str+5}
 74567 | Zig:9    | Entered Level 9 of a ziggurat
 74590 | Zig:9    | Identified the ring of the Wild Haggis {rElec rF++ MP+9
                  | Str-2 Int+6}
 74619 | Zig:10   | Entered Level 10 of a ziggurat
 74627 | Zig:10   | Reached skill level 10 in Ranged Weapons
 74674 | Zig:10   | Identified the +7 ice dragon scales "Kuziguco" {rElec rF-
                  | rC++ Regen+ Str-3 Stlth+}
 74686 | Zig:11   | Entered Level 11 of a ziggurat
 74715 | Zig:11   | Identified the ring of Zyodom {rF+ Str+3}
 74746 | Zig:12   | Entered Level 12 of a ziggurat
 74757 | Zig:12   | Noticed an ancient lich
 74759 | Zig:12   | Killed an ancient lich
 74761 | Zig:12   | Noticed an ancient lich
 74762 | Zig:12   | Killed an ancient lich
 74763 | Zig:12   | Reached skill level 15 in Ranged Weapons
 74765 | Zig:12   | Found the +8 orange crystal plate armour {Archmagi, Int+3
                  | Clar}
 74767 | Zig:12   | Found the +8 demon trident "Rift" {distort, reach+}
 74775 | Zig:12   | Identified the +1 pair of boots of Aribel {rC+ Str+3 Dex+2}
 74779 | Zig:12   | Identified the +1 leather armour of Pandemonium {rPois
                  | Stlth+}
 74796 | Zig:13   | Entered Level 13 of a ziggurat
 74814 | Zig:13   | Found the +8 mithril axe "Arga" {speed, Will+}
 74814 | Zig:13   | Found the amulet of Vitality {RegenMP++ Regen++}
 74871 | Zig:14   | Entered Level 14 of a ziggurat
 74874 | Zig:14   | Noticed a royal mummy
 74875 | Zig:14   | Noticed a royal mummy
 74875 | Zig:14   | Noticed a royal mummy
 74876 | Zig:14   | Killed a royal mummy
 74876 | Zig:14   | Killed a royal mummy
 74878 | Zig:14   | Killed a royal mummy
 74881 | Zig:14   | Noticed a royal mummy
 74882 | Zig:14   | Noticed a royal mummy
 74883 | Zig:14   | Killed a royal mummy
 74885 | Zig:14   | Killed a royal mummy
 74894 | Zig:14   | Found the -2 hat of the Alchemist {rElec rPois rF+ rC+ rN+
                  | Will+ rMut rCorr}
 74915 | Zig:14   | Identified the ring "Xucod" {Fly rN++ Dex-3}
 74916 | Zig:14   | Identified the amulet of Contentment {RegenMP Str+3}
 74928 | Zig:14   | Identified the +1 battleaxe "Lotoxt" {protect, Fragile rN+
                  | Str+4 SInv}
 74947 | Zig:15   | Entered Level 15 of a ziggurat
 74978 | Zig:15   | Noticed a dread lich
 74980 | Zig:15   | Killed a dread lich
 75000 | Zig:15   | Identified the staff "Gevop" {+Blink rC+ rN+ Dex-3 Ice}
 75025 | Zig:15   | Identified the ring of Canaca {rF+ rN+++ Int+2 Dex-3
                  | Stlth+}
 75028 | Zig:15   | Identified the +6 broad axe "Namesh" {antimagic, rCorr
                  | Dex+2 Stlth-}
 75041 | Zig:16   | Entered Level 16 of a ziggurat
 75103 | Zig:16   | Identified the +8 falchion "Suboaggu" {freeze, rPois rC+
                  | Will- Int+3 Dex+7}
 75112 | Zig:16   | Identified the ring "Rusegh" {rPois rN+ EV+5 Str-4}
 75127 | Zig:17   | Entered Level 17 of a ziggurat
 75139 | Zig:17   | Noticed a juggernaut
 75141 | Zig:17   | Killed a juggernaut
 75160 | Zig:17   | Found the +11 Singing Sword {sonic wave}
 75161 | Zig:17   | Found the +5 Storm Queen's Shield {shock, Fly rElec}
 75167 | Zig:17   | Identified the amulet of Edirik {Faith Harm rC++ rN+ Str-3}
 75170 | Zig:17   | Identified the +4 scimitar "Omelette" {speed, *Slow rF+
                  | Dex+3 SInv}
 75188 | Zig:17   | Identified the staff of Prudence {rN+ Str+4 Stlth+ Necro}
 75200 | Zig:18   | Entered Level 18 of a ziggurat
 75209 | Zig:18   | Noticed a juggernaut
 75212 | Zig:18   | Killed a juggernaut
 75212 | Zig:18   | Noticed a juggernaut
 75214 | Zig:18   | Killed a juggernaut
 75236 | Zig:18   | Found the +8 Vampire's Tooth {megavamp}
 75239 | Zig:18   | Identified the +7 plate armour of Grace {Dex+4}
 75262 | Zig:19   | Entered Level 19 of a ziggurat
 75290 | Zig:19   | Found the +3 Elemental Staff {rElec rF+ rC+ AC+3}
 75294 | Zig:19   | Identified the amulet "Ruitouf" {Rampage Regen+ rCorr}
 75298 | Zig:19   | Identified the +0 scale mail "Luket" {Harm +Blink}
 75299 | Zig:19   | Identified the +4 shortbow "Lelocs" {freeze, rC+}
 75321 | Zig:20   | Entered Level 20 of a ziggurat
 75346 | Zig:20   | Noticed Jegilikh the pandemonium lord
 75348 | Zig:20   | Killed Jegilikh the pandemonium lord
 75377 | Zig:20   | Identified the +5 arbalest "Leshetro" {flame, Fragile Fly
                  | Will+++ rCorr}
 75381 | Zig:20   | Identified the staff of Valiance {rElec rF+ Str+3 Earth}
 75401 | Zig:20   | Identified the staff of Regicide {rPois Int+8 Poison}
 75406 | Zig:21   | Entered Level 21 of a ziggurat
 75418 | Zig:21   | Noticed a dread lich
 75418 | Zig:21   | Noticed an ancient lich
 75419 | Zig:21   | Killed an ancient lich
 75419 | Zig:21   | Killed a dread lich
 75420 | Zig:21   | Noticed an ancient lich
 75421 | Zig:21   | Killed an ancient lich
 75425 | Zig:21   | Noticed an ancient lich
 75426 | Zig:21   | Killed an ancient lich
 75427 | Zig:21   | Killed an ancient lich
 75429 | Zig:21   | Noticed a dread lich
 75430 | Zig:21   | Killed a dread lich
 75432 | Zig:21   | Killed an ancient lich
 75433 | Zig:21   | Noticed an ancient lich
 75434 | Zig:21   | Killed an ancient lich
 75438 | Zig:21   | Found the +10 dark maul {heavy}
 75439 | Zig:21   | Found the +13 scythe of Curses {drain, curses, Drain}
 75448 | Zig:21   | Identified the +2 scale mail "Usunaps" {Harm *Slow rN+}
 75457 | Zig:21   | Identified the +9 scimitar of Blood-Lust {holy, Contam rF+
                  | rC+ rCorr}
 75460 | Zig:21   | Identified the +0 scale mail of the Gloaming {rF+ Str+3
                  | Dex-4}
 75488 | Zig:22   | Entered Level 22 of a ziggurat
 75496 | Zig:22   | Noticed a royal mummy
 75496 | Zig:22   | Noticed a royal mummy
 75498 | Zig:22   | Killed a royal mummy
 75498 | Zig:22   | Noticed a royal mummy
 75499 | Zig:22   | Killed a royal mummy
 75501 | Zig:22   | Killed a royal mummy
 75501 | Zig:22   | Noticed a royal mummy
 75502 | Zig:22   | Killed a royal mummy
 75502 | Zig:22   | Killed a royal mummy
 75504 | Zig:22   | Noticed a royal mummy
 75504 | Zig:22   | Noticed a royal mummy
 75505 | Zig:22   | Killed a royal mummy
 75506 | Zig:22   | Killed a royal mummy
 75508 | Zig:22   | Noticed a royal mummy
 75509 | Zig:22   | Noticed a royal mummy
 75510 | Zig:22   | Killed a royal mummy
 75510 | Zig:22   | Noticed a royal mummy
 75511 | Zig:22   | Killed a royal mummy
 75512 | Zig:22   | Killed a royal mummy
 75515 | Zig:22   | Killed a royal mummy
 75515 | Zig:22   | Noticed a royal mummy
 75518 | Zig:22   | Killed a royal mummy
 75520 | Zig:22   | Noticed a royal mummy
 75522 | Zig:22   | Killed a royal mummy
 75522 | Zig:22   | Noticed a royal mummy
 75524 | Zig:22   | Killed a royal mummy
 75541 | Zig:22   | Found the +8 whip "Snakebite" {venom, curare, rPois}
 75541 | Zig:22   | Found the +7 Kryia's mail coat {PotionHeal*2 rC+}
 75548 | Zig:22   | Identified the amulet of Bodily Harmony {Regen+ Str+4}
 75551 | Zig:22   | Identified the +5 plate armour of the Skies Above {MP+9
                  | Str+2}
 75574 | Zig:22   | Identified the ring of Qaud {Fly rF+ Str+4 Dex-3}
 75591 | Zig:22   | Identified the ring of Dogma {Drain rF+ EV+5 Dex+5}
 75609 | Zig:23   | Entered Level 23 of a ziggurat
 75617 | Zig:23   | Killed an ancient lich
 75617 | Zig:23   | Noticed an ancient lich
 75618 | Zig:23   | Killed an ancient lich
 75619 | Zig:23   | Killed an ancient lich
 75619 | Zig:23   | Noticed a dread lich
 75622 | Zig:23   | Killed a dread lich
 75623 | Zig:23   | Noticed a dread lich
 75624 | Zig:23   | Killed a dread lich
 75626 | Zig:23   | Killed an ancient lich
 75626 | Zig:23   | Killed an ancient lich
 75630 | Zig:23   | Reached skill level 27 in Transmutations
 75630 | Zig:23   | Noticed a dread lich
 75632 | Zig:23   | Killed a dread lich
 75635 | Zig:23   | Noticed a dread lich
 75636 | Zig:23   | Killed a dread lich
 75639 | Zig:23   | Killed a dread lich
 75640 | Zig:23   | Reached skill level 27 in Air Magic
 75654 | Zig:23   | Found the +4 consecrated labrys {holy, Valiant Fragile Fly
                  | SInv}
 75658 | Zig:23   | Found the +7 sceptre of Torment {pain, torment}
 75668 | Zig:23   | Identified the +5 triple sword of Doom {flame, *Slow rF+
                  | Str-3 Int+6}
 75672 | Zig:23   | Identified the +5 arbalest "Eturr" {elec, rF+ Will+ Int+3}
 75675 | Zig:23   | Identified the +4 ring mail "Eleumatwuu" {Drain Dex+4}
 75685 | Zig:23   | Identified the +8 quarterstaff of Beogh, Hurting {venom,
                  | Int+3}
 75699 | Zig:24   | Entered Level 24 of a ziggurat
 75720 | Zig:24   | Noticed a royal mummy
 75721 | Zig:24   | Killed a royal mummy
 75722 | Zig:24   | Noticed a royal mummy
 75723 | Zig:24   | Noticed a royal mummy
 75724 | Zig:24   | Noticed a royal mummy
 75725 | Zig:24   | Killed a royal mummy
 75725 | Zig:24   | Killed a royal mummy
 75725 | Zig:24   | Noticed a royal mummy
 75726 | Zig:24   | Killed a royal mummy
 75726 | Zig:24   | Killed a royal mummy
 75726 | Zig:24   | Noticed a royal mummy
 75728 | Zig:24   | Killed a royal mummy
 75729 | Zig:24   | Killed a royal mummy
 75730 | Zig:24   | Noticed a royal mummy
 75731 | Zig:24   | Killed a royal mummy
 75733 | Zig:24   | Noticed a royal mummy
 75733 | Zig:24   | Noticed a royal mummy
 75734 | Zig:24   | Killed a royal mummy
 75736 | Zig:24   | Killed a royal mummy
 75736 | Zig:24   | Killed a royal mummy
 75738 | Zig:24   | Killed a royal mummy
 75738 | Zig:24   | Noticed a royal mummy
 75740 | Zig:24   | Killed a royal mummy
 75741 | Zig:24   | Noticed a royal mummy
 75742 | Zig:24   | Killed a royal mummy
 75742 | Zig:24   | Killed a royal mummy
 75743 | Zig:24   | Noticed a royal mummy
 75744 | Zig:24   | Killed a royal mummy
 75746 | Zig:24   | Killed a royal mummy
 75763 | Zig:24   | Identified the amulet of Xytu {rN+ Will- Regen+ Int+2}
 75765 | Zig:24   | Identified the +5 hand axe "Meuf" {heavy, Int+3}
 75781 | Zig:24   | Identified the +0 robe of the Furrier {Will- Int+3 Dex+3}
 75852 | Zig:25   | Entered Level 25 of a ziggurat
 75925 | Zig:25   | Identified the +11 war axe "Neim" {antimagic, rElec rF-
                  | Str+3 Dex+3}
 75938 | Zig:25   | Reached skill level 27 in Spellcasting
 75966 | Zig:26   | Entered Level 26 of a ziggurat
 75975 | Zig:26   | Noticed Sellojem the pandemonium lord
 75984 | Zig:26   | Noticed Pawnuan the pandemonium lord
 75986 | Zig:26   | Killed Pawnuan the pandemonium lord
 75988 | Zig:26   | Noticed Larrousu the pandemonium lord
 75989 | Zig:26   | Killed Larrousu the pandemonium lord
 75990 | Zig:26   | Killed Sellojem the pandemonium lord
 75991 | Zig:26   | Noticed Nam Koan the pandemonium lord
 75991 | Zig:26   | Noticed Gesairad the pandemonium lord
 75992 | Zig:26   | Killed Gesairad the pandemonium lord
 75992 | Zig:26   | Killed Mubrosee the pandemonium lord
 75993 | Zig:26   | Killed Nam Koan the pandemonium lord
 75993 | Zig:26   | Killed Cout the pandemonium lord
 75993 | Zig:26   | Noticed Kidobage the pandemonium lord
 75994 | Zig:26   | Noticed Nelas the pandemonium lord
 75995 | Zig:26   | Killed Learai the pandemonium lord
 75996 | Zig:26   | Killed Kidobage the pandemonium lord
 75997 | Zig:26   | Killed Mily the pandemonium lord
 75997 | Zig:26   | Killed Nelas the pandemonium lord
 75997 | Zig:26   | Noticed Jadd the pandemonium lord
 75999 | Zig:26   | Killed Xytiddy the pandemonium lord
 75999 | Zig:26   | Noticed Tuanorur the pandemonium lord
 76000 | Zig:26   | Killed Jadd the pandemonium lord
 76000 | Zig:26   | Killed Tuanorur the pandemonium lord
 76001 | Zig:26   | Noticed Wedavul the pandemonium lord
 76001 | Zig:26   | Noticed Sifom the pandemonium lord
 76001 | Zig:26   | Noticed Town the pandemonium lord
 76002 | Zig:26   | Killed Wedavul the pandemonium lord
 76003 | Zig:26   | Killed Kushosej the pandemonium lord
 76003 | Zig:26   | Killed Sifom the pandemonium lord
 76004 | Zig:26   | Noticed Veysem the pandemonium lord
 76004 | Zig:26   | Noticed Suihel the pandemonium lord
 76005 | Zig:26   | Killed Biw Wee the pandemonium lord
 76005 | Zig:26   | Killed Veysem the pandemonium lord
 76005 | Zig:26   | Killed Town the pandemonium lord
 76006 | Zig:26   | Noticed Naecula the pandemonium lord
 76006 | Zig:26   | Killed Juyllaev the pandemonium lord
 76008 | Zig:26   | Noticed Siefryer the pandemonium lord
 76010 | Zig:26   | Noticed Enicamor the pandemonium lord
 76010 | Zig:26   | Killed Enicamor the pandemonium lord
 76011 | Zig:26   | Killed Ajilul Jace the pandemonium lord
 76011 | Zig:26   | Killed Ceobreli the pandemonium lord
 76012 | Zig:26   | Killed Siefryer the pandemonium lord
 76012 | Zig:26   | Killed Orykod the pandemonium lord
 76012 | Zig:26   | Killed Suihel the pandemonium lord
 76012 | Zig:26   | Noticed Jampimeg the pandemonium lord
 76014 | Zig:26   | Killed Naecula the pandemonium lord
 76014 | Zig:26   | Killed Jampimeg the pandemonium lord
 76014 | Zig:26   | Noticed Cieddong the pandemonium lord
 76015 | Zig:26   | Killed Cieddong the pandemonium lord
 76015 | Zig:26   | Killed Anam the pandemonium lord
 76015 | Zig:26   | Noticed Dimomomp the pandemonium lord
 76016 | Zig:26   | Killed Dimomomp the pandemonium lord
 76016 | Zig:26   | Killed Ywanocko the pandemonium lord
 76017 | Zig:26   | Killed Hyskuhav the pandemonium lord
 76018 | Zig:26   | Noticed Letsaqa Dosk the pandemonium lord
 76018 | Zig:26   | Noticed Meitt the pandemonium lord
 76018 | Zig:26   | Noticed Idowuag the pandemonium lord
 76018 | Zig:26   | Noticed Wacw the pandemonium lord
 76020 | Zig:26   | Killed Idowuag the pandemonium lord
 76020 | Zig:26   | Killed Meitt the pandemonium lord
 76022 | Zig:26   | Killed Letsaqa Dosk the pandemonium lord
 76023 | Zig:26   | Killed Wacw the pandemonium lord
 76034 | Zig:26   | Found the +2 Maxwell's thermic engine {flame, freeze, rev}
 76035 | Zig:26   | Found the +7 great mace "Undeadhunter" {deathbane, rN+}
 76046 | Zig:26   | Identified the staff "Spiderbane" {rC+ Earth}
 76067 | Zig:26   | Identified the +5 quarterstaff "Seiloucit" {pain, rElec
                  | Dex+3}
 76080 | Zig:26   | Identified the +7 arbalest of Dataul Emuh {penet, Str+3}
 76086 | Zig:27   | Entered Level 27 of a ziggurat
 76126 | Zig:27   | Found the +4 moon troll leather armour {Spirit, Regen++
                  | MP+5}
 76132 | Zig:27   | Identified the staff "Dragonbane" {rElec Will++ Int+4 Air}
 76155 | Zig:27   | Identified the +0 cloak of Cowardice {Rampage rC+ Str-5
                  | Dex+3}
 76162 | Zig:27   | Identified the ring of the Equinox {Wiz rN+ rCorr Slay-4}
 76166 | Zig:27   | Identified the ring "Nyficysm" {rElec rN+++ AC+4 Int-2
                  | Stlth-}
 76167 | Zig:27   | Identified the +2 cloak of Peuci {Int+3}
 76173 | Zig:27   | Identified the +5 demon blade of Duceatuxt {vamp, rPois
                  | Dex+4}
 76179 | Zig:27   | Identified the ring of the Philosopher {rF+ Stlth+}
 76182 | Zig:27   | Identified the +5 dagger "Grom" {venom, Fly rN+++ Str-4
                  | Stlth+}
 76185 | Zig:27   | Identified the ring of Xiuches {Str+3 SInv}
 76237 | Depths:3 | Noticed Parghit
 76242 | Depths:3 | Killed Parghit
 76563 | Temple   | Fell from the grace of Vehumet
 76563 | Temple   | Became a worshipper of Cheibriados the Contemplative
 76896 | Vaults:4 | Acquired 1034 gold pieces
 76898 | Vaults:4 | Acquired the +0 hat "Menuoniy" {Contam Harm Str+3 Int+5}
 76911 | Vaults:4 | Acquired a manual of Short Blades
 76930 | Vaults:5 | Entered Level 5 of the Vaults
 76932 | Vaults:5 | Reached * piety under Cheibriados
 76981 | Vaults:5 | Reached skill level 1 in Invocations
 76985 | Vaults:5 | Reached ** piety under Cheibriados
 77003 | Vaults:5 | Reached *** piety under Cheibriados
 77003 | Vaults:5 | Noticed a dread lich
 77005 | Vaults:5 | Reached skill level 10 in Invocations
 77008 | Vaults:5 | Killed a dread lich
 77051 | Vaults:5 | Reached **** piety under Cheibriados
 77072 | Vaults:5 | Identified the amulet "Jeobbar" {Faith rF- Regen+ Int+4
                  | Stlth+}
 77075 | Vaults:5 | Identified the +9 whip of the Dripping Priest {heavy,
                  | Dex+3}
 77117 | Vaults:5 | Reached ***** piety under Cheibriados
 77118 | Vaults:5 | Reached skill level 15 in Invocations
 77120 | Vaults:5 | Identified the +1 glaive of the Volcano {drain, *Slow rC++}
                  | (You took it off a vault warden on level 5 of the Vaults)
 77688 | Vaults:5 | Got a silver rune of Zot
 77862 | Vaults:5 | Identified the staff "Eniz" {rElec rF+ rC+ Stlth+ Fire}
 77867 | Vaults:5 | Identified the +8 short sword of Unopraon {venom, rPois
                  | Int+3}
 77899 | Vaults:5 | Identified the ring "Piwec" {MP+9 Str+2 SInv}
 77902 | Vaults:5 | Identified the +1 scale mail "Casiduc" {rC+ Int+4}
 77924 | Vaults:5 | Identified the +0 ring mail of the Demonic God {Will+
                  | Int+3}
 78554 | Depths:2 | Found a glowing golden altar of the Shining One.
 78563 | Depths:2 | Identified the staff of the Desert {rF+ Stlth+ Fire}
 79489 | Depths:3 | Noticed Louise
 79495 | Depths:3 | Killed Louise
 79560 | Depths:3 | Found Bugro's Assorted Antiques.
 80140 | Zot:1    | Entered Level 1 of the Realm of Zot
 80148 | Zot:1    | Reached ****** piety under Cheibriados
 80247 | Zot:1    | Identified the +8 orcbow "Tyxurhu" {elec, Int+2}
 80502 | Zot:1    | Was forgiven by Vehumet
 80606 | Zot:2    | Reached skill level 27 in Dodging
 80620 | Zot:2    | Reached skill level 15 in Shields
 80717 | Zot:2    | Found a huge runed gate.
 80717 | Zot:2    | Found a huge runed gate.
 80718 | Zot:2    | Found a huge runed gate.
 80718 | Zot:2    | Found a huge runed gate.
 80718 | Zot:2    | Found a huge runed gate.
 80719 | Zot:2    | Found a huge runed gate.
 80719 | Zot:2    | Found a huge runed gate.
 80719 | Zot:2    | Found a huge runed gate.
 80719 | Zot:2    | Found a huge runed gate.
 80720 | Zot:2    | Found a huge runed gate.
 80721 | Zot:2    | Found a huge runed gate.
 80722 | Zot:2    | Found a huge runed gate.
 80724 | Zot:2    | Found a huge runed gate.
 80725 | Zot:2    | Found a huge runed gate.
 80726 | Zot:2    | Found a huge runed gate.
 80728 | Zot:2    | Found a huge runed gate.
 80751 | Zot:2    | Noticed an orb of fire
 80751 | Zot:2    | Noticed a dread lich
 80751 | Zot:2    | Noticed an ancient lich
 80751 | Zot:2    | Noticed an ancient lich
 80751 | Zot:2    | Noticed an ancient lich
 80753 | Zot:2    | Killed a dread lich
 80753 | Zot:2    | Identified the ring of Fun {rElec rPois rN+ Dex+6 Stlth-}
 80754 | Zot:2    | Killed an orb of fire
 80754 | Zot:2    | Killed an ancient lich
 80755 | Zot:2    | Killed an ancient lich
 80755 | Zot:2    | Noticed a dread lich
 80756 | Zot:2    | Killed an ancient lich
 80757 | Zot:2    | Killed a dread lich
 80792 | Zot:2    | Identified the +9 broad axe of Shrieking Terror {flame,
                  | Dex+2 SInv}
 81810 | Depths:4 | Lost mutation: You possess an exceptional clarity of mind.
                  | [potion of mutation]
 81810 | Depths:4 | Lost mutation: Your mind is acute. (Int +4, Str/Dex -1)
                  | [potion of mutation]
 81810 | Depths:4 | Gained mutation: You have a pair of small antennae on your
                  | head. [potion of mutation]
 81811 | Depths:4 | Lost mutation: You have a pair of small antennae on your
                  | head. [potion of mutation]
 81811 | Depths:4 | Gained mutation: Your muscles are strong. (Str +4, Int/Dex
                  | -1) [potion of mutation]
 81811 | Depths:4 | Gained mutation: Your mind is acute. (Int +4, Str/Dex -1)
                  | [potion of mutation]
 81812 | Depths:4 | Lost mutation: Your muscles are strong. (Str +4, Int/Dex
                  | -1) [potion of mutation]
 81812 | Depths:4 | Lost mutation: Your mind is acute. (Int +4, Str/Dex -1)
                  | [potion of mutation]
 81812 | Depths:4 | Gained mutation: You are somewhat resistant to further
                  | mutation. [potion of mutation]
 81813 | Depths:4 | Lost mutation: You are somewhat resistant to further
                  | mutation. [potion of mutation]
 81813 | Depths:4 | Gained mutation: You sometimes lose your temper in combat.
                  | [potion of mutation]
 81814 | Depths:4 | Lost mutation: You sometimes lose your temper in combat.
                  | [potion of mutation]
 81814 | Depths:4 | Gained mutation: You have supernaturally acute eyesight.
                  | (SInv) [potion of mutation]
 81814 | Depths:4 | Gained mutation: Your mind is acute. (Int +4, Str/Dex -1)
                  | [potion of mutation]
 81815 | Depths:4 | Lost mutation: Your mind is acute. (Int +4, Str/Dex -1)
                  | [potion of mutation]
 81815 | Depths:4 | Lost mutation: You have supernaturally acute eyesight.
                  | (SInv) [potion of mutation]
 81815 | Depths:4 | Gained mutation: Your spells are a little easier to cast,
                  | but a little less powerful. [potion of mutation]
 81815 | Depths:4 | Gained mutation: You are strong-willed. (Will+) [potion of
                  | mutation]
 81816 | Depths:4 | Lost mutation: Your spells are a little easier to cast, but
                  | a little less powerful. [potion of mutation]
 81816 | Depths:4 | Lost mutation: You are strong-willed. (Will+) [potion of
                  | mutation]
 81816 | Depths:4 | Gained mutation: Your flesh is cold resistant. (rC+)
                  | [potion of mutation]
 81816 | Depths:4 | Gained mutation: Your muscles are strong. (Str +4, Int/Dex
                  | -1) [potion of mutation]
 81817 | Depths:4 | Lost mutation: Your muscles are strong. (Str +4, Int/Dex
                  | -1) [potion of mutation]
 81817 | Depths:4 | Lost mutation: Your flesh is cold resistant. (rC+) [potion
                  | of mutation]
 81817 | Depths:4 | Gained mutation: You are partially covered in iridescent
                  | scales. (AC +2) [potion of mutation]
 81817 | Depths:4 | Gained mutation: You sometimes lose your temper in combat.
                  | [potion of mutation]
 81817 | Depths:4 | Gained mutation: One of your tentacles bears a spike.
                  | [potion of mutation]
 81818 | Depths:4 | Lost mutation: You are partially covered in iridescent
                  | scales. (AC +2) [potion of mutation]
 81818 | Depths:4 | Lost mutation: One of your tentacles bears a spike. [potion
                  | of mutation]
 81818 | Depths:4 | Gained mutation: You are strong-willed. (Will+) [potion of
                  | mutation]
 81818 | Depths:4 | Gained mutation: Your body sometimes deteriorates upon
                  | taking damage. [potion of mutation]
 81818 | Depths:4 | Lost mutation: You are strong-willed. (Will+) [potion of
                  | mutation]
 81818 | Depths:4 | Gained mutation: One of your tentacles bears a spike.
                  | [potion of mutation]
 81819 | Depths:4 | Lost mutation: Your body sometimes deteriorates upon taking
                  | damage. [potion of mutation]
 81819 | Depths:4 | Lost mutation: You sometimes lose your temper in combat.
                  | [potion of mutation]
 81819 | Depths:4 | Gained mutation: Your flesh is cold resistant. (rC+)
                  | [potion of mutation]
 81819 | Depths:4 | Gained mutation: Your flesh is heat resistant. (rF+)
                  | [potion of mutation]
 81819 | Depths:4 | Gained mutation: One of your tentacles bears a nasty spike.
                  | [potion of mutation]
 81820 | Depths:4 | Lost mutation: One of your tentacles bears a nasty spike.
                  | [potion of mutation]
 81820 | Depths:4 | Lost mutation: Your flesh is heat resistant. (rF+) [potion
                  | of mutation]
 81820 | Depths:4 | Gained mutation: You occasionally lose the ability to drink
                  | potions when taking damage. [potion of mutation]
 81820 | Depths:4 | Gained mutation: Your spells are a little harder to cast,
                  | but a little more powerful. [potion of mutation]
 81821 | Depths:4 | Lost mutation: Your flesh is cold resistant. (rC+) [potion
                  | of mutation]
 81821 | Depths:4 | Lost mutation: You occasionally lose the ability to drink
                  | potions when taking damage. [potion of mutation]
 81821 | Depths:4 | Gained mutation: Your body sometimes deteriorates upon
                  | taking damage. [potion of mutation]
 81821 | Depths:4 | Gained mutation: You are strong-willed. (Will+) [potion of
                  | mutation]
 81821 | Depths:4 | Gained mutation: You have hidden genetic potential. [potion
                  | of mutation]
 81822 | Depths:4 | Lost mutation: You are strong-willed. (Will+) [potion of
                  | mutation]
 81822 | Depths:4 | Lost mutation: You have hidden genetic potential. [potion
                  | of mutation]
 81822 | Depths:4 | Gained mutation: You are occasionally teleported next to
                  | monsters. [potion of mutation]
 81822 | Depths:4 | Gained mutation: Your muscles are strong. (Str +4, Int/Dex
                  | -1) [potion of mutation]
 82000 | Zot:3    | Reached skill level 5 in Stealth
 82207 | Zot:3    | Reached skill level 10 in Stealth
 82676 | Zot:4    | Noticed an orb of fire
 82680 | Zot:4    | Killed an orb of fire
 82749 | Zot:4    | Noticed an orb of fire
 82750 | Zot:4    | Gained mutation: You are frail. (-10% HP) [an orb of fire]
 82753 | Zot:4    | Gained mutation: You are clumsy. (Dex -2) [an orb of fire]
 82756 | Zot:4    | Killed an orb of fire
 82784 | Zot:4    | Lost mutation: Your spells are a little harder to cast, but
                  | a little more powerful. [potion of mutation]
 82784 | Zot:4    | Lost mutation: Your muscles are strong. (Str +4, Int/Dex
                  | -1) [potion of mutation]
 82784 | Zot:4    | Lost mutation: You are frail. (-10% HP) [potion of
                  | mutation]
 82784 | Zot:4    | Lost mutation: One of your tentacles bears a spike. [potion
                  | of mutation]
 82785 | Zot:4    | Lost mutation: You are occasionally teleported next to
                  | monsters. [potion of mutation]
 82785 | Zot:4    | Lost mutation: You are clumsy. (Dex -2) [potion of
                  | mutation]
 82785 | Zot:4    | Lost mutation: Your body sometimes deteriorates upon taking
                  | damage. [potion of mutation]
 82785 | Zot:4    | Gained mutation: Your muscles are strong. (Str +4, Int/Dex
                  | -1) [potion of mutation]
 83496 | Zot:5    | Entered Level 5 of the Realm of Zot
 83510 | Zot:5    | Reached skill level 15 in Stealth
 83827 | Zot:5    | Noticed an orb of fire
 83832 | Zot:5    | Gained mutation: You are clumsy. (Dex -2) [mutagenic glow]
 83834 | Zot:5    | Noticed an orb of fire
 83837 | Zot:5    | Gained mutation: You are frail. (-10% HP) [mutagenic glow]
 83842 | Zot:5    | Gained mutation: You are very clumsy. (Dex -4) [mutagenic
                  | glow]
 83871 | Zot:5    | Noticed an orb of fire
 83874 | Zot:5    | Lost mutation: Your muscles are strong. (Str +4, Int/Dex
                  | -1) [an orb of fire]
 83876 | Zot:5    | Killed an orb of fire
 83891 | Zot:5    | Noticed an orb of fire
 83893 | Zot:5    | Noticed an orb of fire
 83894 | Zot:5    | Killed an orb of fire
 83895 | Zot:5    | Noticed an orb of fire
 83898 | Zot:5    | Killed an orb of fire
 83898 | Zot:5    | Killed an orb of fire
 83903 | Zot:5    | Noticed an orb of fire
 83908 | Zot:5    | Killed an orb of fire
 83909 | Zot:5    | Noticed an ancient lich
 83910 | Zot:5    | Killed an orb of fire
 83916 | Zot:5    | Noticed an orb of fire
 83918 | Zot:5    | Noticed an orb of fire
 83919 | Zot:5    | Killed an orb of fire
 83922 | Zot:5    | Noticed an ancient lich
 83927 | Zot:5    | Killed an orb of fire
 83936 | Zot:5    | Killed an ancient lich
 83951 | Zot:5    | Gained mutation: You sometimes lose your temper in combat.
                  | [an orb of fire]
 83959 | Zot:5    | Killed an orb of fire
 83959 | Zot:5    | Killed an ancient lich
 83987 | Zot:5    | Lost mutation: You are frail. (-10% HP) [potion of
                  | mutation]
 83987 | Zot:5    | Lost mutation: You sometimes lose your temper in combat.
                  | [potion of mutation]
 83987 | Zot:5    | Lost mutation: You are very clumsy. (Dex -4) [potion of
                  | mutation]
 83987 | Zot:5    | Gained mutation: You are frail. (-10% HP) [potion of
                  | mutation]
 83987 | Zot:5    | Gained mutation: You occasionally lose the ability to drink
                  | potions when taking damage. [potion of mutation]
 83988 | Zot:5    | Lost mutation: You occasionally lose the ability to drink
                  | potions when taking damage. [potion of mutation]
 83988 | Zot:5    | Lost mutation: You are frail. (-10% HP) [potion of
                  | mutation]
 83988 | Zot:5    | Lost mutation: You are clumsy. (Dex -2) [potion of
                  | mutation]
 83988 | Zot:5    | Gained mutation: You are weak. (Str -2) [potion of
                  | mutation]
 83988 | Zot:5    | Gained mutation: One of your tentacles bears a spike.
                  | [potion of mutation]
 83988 | Zot:5    | Gained mutation: You are frail. (-10% HP) [potion of
                  | mutation]
 83989 | Zot:5    | Lost mutation: You are frail. (-10% HP) [potion of
                  | mutation]
 83989 | Zot:5    | Lost mutation: One of your tentacles bears a spike. [potion
                  | of mutation]
 83989 | Zot:5    | Gained mutation: Your flesh is cold resistant. (rC+)
                  | [potion of mutation]
 83990 | Zot:5    | Lost mutation: Your flesh is cold resistant. (rC+) [potion
                  | of mutation]
 83990 | Zot:5    | Lost mutation: You are weak. (Str -2) [potion of mutation]
 83990 | Zot:5    | Gained mutation: One of your tentacles bears a spike.
                  | [potion of mutation]
 83990 | Zot:5    | Gained mutation: You have a beak for a mouth. [potion of
                  | mutation]
 84031 | Zot:5    | Got the Orb of Zot
 84160 | Zot:1    | Noticed Fecawall the pandemonium lord
 84164 | Zot:1    | Killed Fecawall the pandemonium lord
 84511 | D:8      | Noticed Xugu the pandemonium lord
 84513 | D:8      | Killed Xugu the pandemonium lord
 84539 | D:7      | Gained mutation: You sometimes lose your temper in combat.
                  | [a cacodemon]
 84677 | D:$      | Escaped with the Orb!

Illustrated notes

####+++#### ####........^####
#########...............#####
...............^..........#.##
...........)....#.####^.#....#
#..........^......##.).^.....##
#..................#..........#
....#....#..........^....#...##
.^...^......#...@.......^....#
...#...#..^.................^###
...........#...#...............#
.....................#...#....##
.#...................^......###
###......##..............#.^# #
###..#####....#.#...#....## ####
##..............## ###
#^.......^....#.#


Turn 49549 on Spider:4: pooppin

Levels and vault maps discovered:
D:1:      minmay_arrival_four_houses, layout_basic, serial_shops, shop_coins
D:2:      layout_rooms, serial_shops, nicolae_shop_tiny_real_fake_doors,
          uniq_natasha, uniq_crazy_yiuf_cottage
D:3:      layout_loops_ring, portal_sewer_entry_d,
          hellmonk_ecumenical_altar_zigzags, kennysheep_crisscross
D:4:      layout_rooms, minmay_temple_entry_butterflies, nrook_loot_triangle,
          uniq_robin, uniq_ijyb
D:5:      layout_basic, mainiacjoe_overflow_surrounded_room,
          mainiacjoe_overflow_paths, serial_glass, glass_columns_a,
          glass_columns_c
D:6:      layout_loops_cross, jmf_multi_god_temple,
          minmay_hollow_rounded_squares
D:7:      layout_loops_ring
D:8:      layout_gridville, ebering_ghost_disaster_area, serial_shops, shop,
          minmay_misc_feat_tiny, wad_dig_loot
D:9:      layout_basic, erik_lair_dragon, grunt_ministairs_13,
          dilly_guarded_unrand_throatcut
D:10:     layout_irregular_city
D:11:     cheibrodos_breeding_chamber, layout_loops_ring, orc_0_dummy,
          uniq_grum, uniq_josephine
D:12:     layout_layer_cave, serial_shops, kennysheep_mini
D:13:     minmay_curly_fans, layout_basic, david_vaults_4, serial_undead,
          serial_undead_a, serial_undead_e, serial_undead_c, serial_undead_d,
          serial_undead_b, serial_undead_c, serial_undead_c, serial_undead_b,
          portal_ice_cave_entry_pillars_2, fedhas_bush_and_centaur_altar
D:14:     layout_long_grid, minmay_misc_feat_alley,
          nrook_guardian_serpent_ordinary, uniq_lodul, uniq_frances, uniq_nessos
D:15:     grunt_enter_depths_giant_problem, layout_basic,
          nicolae_elyvilon_temple_path
Temple:   nicolae_temple_no_exploring_needed
Lair:1:   layout_loops_ring, grunt_megastairs_2, serial_bayou_shore_b,
          infiniplex_staircase_pool_2, lemuel_fruit_tree, serial_bayou_shore_a
Lair:2:   layout_layer_cave, minmay_shoals_entry_centaurs,
          spider_nest_entry_rubble, beast_lair_carwin_2, uniq_gastronok
Lair:3:   layout_regular_city, gammafunk_ghost_icy, uniq_amaemon
Lair:4:   layout_gridlike
Lair:5:   evilmike_catoblepas_cave, layout_hall_layers, slime_entry_1,
          grunt_megastairs_4, uniq_urug
Shoals:1: layout_shoals, uniq_jorgrun
Shoals:2: layout_shoals
Shoals:3: layout_shoals, gammafunk_ghost_wrathful_warriors, uniq_polyphemus,
          uniq_roxanne, uniq_aizul
Shoals:4: shoals_end_hellmonk_storm_palace [storm_palace_center_square,
          storm_palace_corner_altar, storm_palace_corner_grid,
          storm_palace_corner_grid, storm_palace_corner_grid], serial_shops
Spider:1: layout_spider_delve
Spider:2: layout_chambers, uniq_arachne
Spider:3: layout_spider_delve, uniq_agnes, uniq_kirke, uniq_mara
Spider:4: spider_rune_water
Orc:1:    layout_caves, uniq_maurice
Orc:2:    st_orc_mages, layout_caves, nicolae_alphabet_shops,
          kennysheep_orc_chapel
Elf:1:    nicolae_elf_arrival_no_cutting_in_line, layout_geoelf_grid,
          hellmonk_ghost_happy_afterlife, minmay_elf_demonology
Elf:2:    nicolae_elf_blades_splatter_lattice [nicolae_blade_lattice],
          layout_geoelf_grid, uniq_zenata
Elf:3:    grunt_elf_hall_branching, layout_geoelf_octagon, minivault_24,
          nicolae_shop_i_like_big_books
Vaults:1: nicolae_vaults_closet_pinwheel_4, v_misc_30,
          ontoclasm_vaults_ring_small, vaults_room_grunt_arrival_ludios,
          grunt_vaults_funnel, v_misc_10, v_misc_2, nicolae_vaults_diamond_1,
          vaults_room_pools, layout_vaults_chaotic_city, uniq_asterion
Vaults:2: kb_rosetta, ontoclasm_vaults_ring_square, v_misc_33,
          nicolae_vaults_windows_and_doors_thing,
          nicolae_vaults_heart-shaped_vault, serial_ice_b,
          nicolae_vaults_twisting_passages, hangedman_vaults_capsules,
          nicolae_vaults_closet_pinwheel_3, nicolae_vaults_tetromino_L_1,
          nicolae_vaults_tetromino_T_2, layout_vaults_omnigrid, serial_shops,
          nicolae_shop_just_a_little_nook, uniq_bai_suzhen, uniq_frederick
Vaults:3: minmay_crypt_entry_vampire_xt, nicolae_vaults_shipping_containers_7,
          nicolae_vaults_storage_closets_1, nicolae_vaults_octothorpe,
          nicolae_vaults_house_3, ontoclasm_vaults_tryst, v_alt_pattern_5,
          nicolae_vaults_cochlea, nicolae_vaults_trapezoid_4,
          vaults_dpeg_encased_lava, ontoclasm_vaults_shuriken,
          vaults_mumra_hexcomb, ontoclasm_vaults_chip, hangedman_vaults_cutoff,
          layout_vaults_omnicross, uniq_boris
Vaults:4: nicolae_vaults_house_3, ontoclasm_vaults_decontamination,
          hangedman_vaults_slice, nicolae_vaults_trapezoid_2,
          nicolae_vaults_tetromino_Z_2, hangedman_vaults_variations,
          vaults_room_large_hall, nicolae_vaults_surprise_closet,
          vaults_room_grid, dpeg_vaults_monster_row, v_misc_10,
          nicolae_vaults_wrenched, layout_vaults_maze_snakey, serial_shops,
          nicolae_lakefront_shop, uniq_margery
Vaults:5
Crypt:1:  layout_regular_city, serial_glass, glass_columns_a, glass_columns_a,
          grunt_crypt_arrival_guarded_gate
Crypt:2:  layout_chaotic_city, evilmike_ambush [evilmike_ambush_outer_corners,
          evilmike_ambush_inner_basic], uniq_grunn
Crypt:3:  cryptofortress_bobbens
Depths:1: layout_gridlike, abyss_entry, nicolae_hell_entry_hellmouth_sunbeams,
          minivault_11, serial_bayou_pond_d, wad_scary_box, uniq_nikola
Depths:2: wander_protected_by_tso, layout_honeycomb, rand_demon_pan_entry_5,
          grunt_gozag_statues, grunt_hell_entry_dis_mu,
          minmay_misc_feat_nine_boxes, hangedman_glass_teeth,
          serial_bayou_shore_b, uniq_josephina
Depths:3: grunt_house_of_mirrors, layout_cave_pools, hangedman_decor_slide_cut,
          nicolae_abyss_entry_one_way_or_another, serial_shops,
          nicolae_shop_tiny_waterfront, hell_entry, hellmonk_bongcloud_opening,
          amcnicky_mini_rare_corridor_liquid, uniq_parghit
Depths:4: grunt_bruiser_brothers, layout_cave_pools, enter_ziggurat_c,
          serial_co_window_serial, co_window_corner_a,
          co_window_of_opportunity_a, co_window_paths_a,
          co_window_of_opportunity_a, co_window_corner_a,
          co_window_of_opportunity_a, co_window_of_opportunity_a,
          co_window_unsneaky_path_a, co_window_paths_c, co_window_broadway_a,
          co_window_cross_2, co_window_paths_e, hell_entry, xom_teletrap_fun,
          grunt_pan_entry_spiral, lemuel_blue_sif_altar
Zot:1:    layout_basic, skrybe_zot_glass_3
Zot:2:    grunt_twist_and_shout, layout_cathedral_of_symmetry, door_vault
Zot:3:    layout_misc_corridors, st_stairs_3, grunt_megastairs_1
Zot:4:    layout_onion
Zot:5:    layout_onion, grunt_megastairs_5

Skill      XL: |  1  2  3  4  5  6  7  8  9 10 11 12 13 14 15 16 17 18 19 20 21 22 23 24 25 26 27 |
---------------+----------------------------------------------------------------------------------+-----
Spellcasting   | 3 6 8 9 12 13 14 27 | 27.0
Conjurations   | 3 4 5 7 8 13 16 17 18 20 21 22 23 | 23.9
Fire Magic     | 4 7 10 15 16 17 18 20 21 22 24 | 24.0
Air Magic      | 3 7 27 | 27.0
Poison Magic   | 2 |  2.6
Ice Magic      | 4 7 |  7.1
Dodging        | 3 9 27 | 27.0
Fighting       | 4 10 11 14 27 | 27.0
Shields        | 2 7 18 | 18.0
Transmutations | 2 6 10 11 27 | 27.0
Earth Magic    | 5 10 11 19 | 19.5
Necromancy     | 11 12 | 12.9
Translocations | 14 | 14.7
Evocations     | 10 | 10.3
Unarmed Combat | 27 | 27.0
Ranged Weapons | 18 | 18.9
Invocations    | 18 | 18.4
Stealth        | 24 | 24.5

Action                     |  1- 3 |  4- 6 |  7- 9 | 10-12 | 13-15 | 16-18 | 19-21 | 22-24 | 25-27 || total
---------------------------+-------+-------+-------+-------+-------+-------+-------+-------+-------++-------
  Melee: Spear             |    12 |       |       |       |       |       |       |       |       ||    12
         Constrict         |     8 |     7 |    15 |     8 |    28 |     7 |     6 |    14 |    48 ||   141
         Tentacles         |     4 |     8 |     6 |    13 |    49 |     6 |     9 |    20 |    70 ||   185
         Mace              |    13 |    27 |    42 |    37 |   160 |    25 |    19 |    31 |       ||   354
         Unarmed           |       |     6 |       |       |       |       |       |       |   391 ||   397
         Punch             |       |       |     1 |     1 |     1 |     1 |       |       |    76 ||    80
         Staff             |       |       |       |       |       |       |       |    24 |     1 ||    25
         Kick              |       |       |       |       |       |       |       |       |    12 ||    12
         Peck              |       |       |       |       |       |       |       |       |     3 ||     3
   Fire: Heavy crossbow    |       |       |       |       |       |       |       |       |     2 ||     2
  Throw: Dart              |       |       |       |       |     1 |       |       |       |       ||     1
   Cast: Foxfire           |    32 |   118 |   141 |    39 |       |       |       |       |       ||   330
         Scorch            |       |     1 |    26 |     6 |       |       |       |       |       ||    33
         Volatile Blastmot |       |     1 |       |     5 |       |       |       |       |       ||     6
         Mephitic Cloud    |       |       |    12 |     1 |     3 |       |       |       |       ||    16
         Flame Wave        |       |       |     4 |     1 |     1 |       |       |       |       ||     6
         Freezing Cloud    |       |       |       |    92 |   200 |    75 |    69 |       |       ||   436
         Irradiate         |       |       |       |       |    13 |    15 |    10 |    10 |     4 ||    52
         Orb of Destructio |       |       |       |       |    94 |    92 |   104 |       |       ||   290
         Plasma Beam       |       |       |       |       |    11 |   215 |   292 |    47 |     4 ||   569
         Lee's Rapid Decon |       |       |       |       |       |    27 |    67 |       |       ||    94
         Statue Form       |       |       |       |       |       |       |     3 |     5 |    41 ||    49
         Fire Storm        |       |       |       |       |       |       |    26 |   279 |   714 ||  1019
         Passage of Golubr |       |       |       |       |       |       |       |     1 |       ||     1
         Shatter           |       |       |       |       |       |       |       |       |   206 ||   206
         Necromutation     |       |       |       |       |       |       |       |       |    51 ||    51
         Wereblood         |       |       |       |       |       |       |       |       |    10 ||    10
         Disjunction       |       |       |       |       |       |       |       |       |     9 ||     9
         Storm Form        |       |       |       |       |       |       |       |       |     8 ||     8
         Blink             |       |       |       |       |       |       |       |       |     6 ||     6
 Invoke: Temporal Distorti |       |       |       |       |       |       |       |       |    12 ||    12
Ability: End Transformatio |       |       |       |       |       |       |       |     1 |    33 ||    34
         Blinkbolt         |       |       |       |       |       |       |       |       |     6 ||     6
  Evoke: Wand              |       |       |    10 |     5 |    13 |     7 |    18 |     2 |     1 ||    56
         Figurine of a zig |       |       |       |       |       |       |       |       |     2 ||     2
    Use: Scroll            |     2 |     4 |     6 |     5 |    14 |    10 |     6 |     5 |    22 ||    74
         Potion            |       |     5 |     5 |       |     2 |     2 |     2 |       |    67 ||    83
   Stab: Distracted        |       |     1 |       |       |       |       |       |       |     2 ||     3
         Sleeping          |       |     2 |     1 |       |     2 |       |     1 |       |     1 ||     7
         Invisible         |       |       |     2 |       |       |       |       |       |       ||     2
         Confused          |       |       |     1 |       |       |       |       |       |       ||     1
 Armour: Skin              |     4 |    10 |    16 |     8 |     5 |     2 |    19 |    16 |    72 ||   152
  Dodge: Dodged            |    18 |    60 |   143 |    56 |   118 |   144 |   167 |   106 |   501 ||  1313
  Block: Other             |       |       |     8 |    18 |       |       |       |       |       ||    26
         Reflection        |       |       |       |     3 |    29 |    37 |    18 |     4 |       ||    91
         Kite shield       |       |       |       |     9 |   212 |   143 |   149 |   121 |   449 ||  1083
         Buckler           |       |       |       |       |       |       |       |       |    24 ||    24

Table legend: (Time is in decaauts)
 A = Elapsed time spent in this place.
 B = Non-inter-level travel time spent in this place.
 C = Inter-level travel time spent in this place.
 D = Time resting spent in this place.
 E = Time spent auto-exploring this place.
 F = Levels seen in this place.
 G = Mean time per level.
                   A        B        C        D        E       F      G
               +--------+--------+--------+--------+--------+-----+--------+
         Total |  92204 |  82565 |   9639 |  17926 |  43470 | 133 |  693.3 |
       Dungeon |  24416 |  20000 |   4416 |   3979 |  12017 |  15 | 1627.7 |
        Temple |     29 |     10 |     19 |      0 |      0 |   1 |   29.0 |
          Lair |   8406 |   7533 |    873 |   1205 |   4663 |   5 | 1681.2 |
        Shoals |   6149 |   5909 |    240 |   2538 |   1941 |   4 | 1537.2 |
   Spider Nest |   6416 |   6009 |    407 |   1972 |   2948 |   4 | 1604.0 |
  Orcish Mines |   3142 |   2742 |    400 |   1340 |    663 |   2 | 1571.0 |
   Elven Halls |   5323 |   4671 |    652 |   1846 |   2035 |   3 | 1774.3 |
        Vaults |  10787 |   9873 |    914 |   1451 |   6871 |   5 | 2157.4 |
         Crypt |   4861 |   4613 |    248 |   1416 |   2042 |   3 | 1620.3 |
        Depths |   7829 |   6952 |    877 |    858 |   4702 |   4 | 1957.2 |
           Zot |   7227 |   6638 |    589 |     33 |   5367 |   5 | 1445.4 |
      Ziggurat |   7070 |   7070 |      0 |   1151 |      0 |  81 |   87.3 |
         Sewer |    544 |    544 |      0 |    136 |    220 |   1 |  544.0 |
               +--------+--------+--------+--------+--------+-----+--------+

Top non-repeatable levels by time:
    D:13: 3572 daAuts
     D:9: 2686 daAuts
   Orc:2: 2520 daAuts
Depths:4: 2437 daAuts
Vaults:1: 2418 daAuts
Vaults:5: 2353 daAuts
Vaults:2: 2326 daAuts
   Zot:2: 2304 daAuts
     D:8: 2115 daAuts
Spider:2: 2099 daAuts
  Lair:5: 2087 daAuts
   Elf:3: 2046 daAuts
 Crypt:3: 2026 daAuts
Depths:2: 2020 daAuts
  Lair:2: 1990 daAuts
